 Dungeon Crawl Stone Soup version 0.18-a0-270-ga9d907f (console) character file.

469565 endege the Spry (level 23, -15/237 HPs)
             Began as a Deep Dwarf Berserker on Nov 26, 2015.
             Was a Priest of Trog.
             Hit by a large rock thrown by a stone giant (19 damage)
             ... on level 5 of the Vaults.
             The game lasted 01:19:04 (47059 turns).

endege the Spry (Deep Dwarf Berserker)             Turns: 47059, Time: 01:19:04

Health: -15/237    AC: 26    Str: 27    XL:     23   Next: 51%
Magic:  9/9        EV: 31    Int: 10    God:    Trog [***...]
Gold:   3620       SH:  0    Dex: 22    Spells: 0 memorised, 22 levels left

rFire  + + .     SeeInvis +     D - +11 battleaxe {elec, rPois rC+ Stlth+}
rCold  + + .     Clarity  .     R - +1 chain mail "Qemer" {rC+ Dex+6 SInv}
rNeg   + + +     SustAt   .     (shield currently unavailable)
rPois  +         Gourm    .     j - -2 hat of the Alchemist {rElec rPois rF+ rC+ rN+ MR+ rMut rCorr}
rElec  +         Spirit   .     x - +2 cloak
rCorr  +         Warding  .     g - +2 pair of gloves
rMut   +         Stasis   .     J - +2 pair of boots {Fly}
MR     ++++.                    N - amulet "Wun Zeki" {rMut MP+9 Str+3 Slay-3}
Stlth  ..........               H - ring of Meytuhyo {Fire +Inv rPois rN++ Dex-3}
                                s - +4 ring of evasion

@: exhausted, flying, non-regenerating, slowed, very slow, incredibly resistant
to hostile enchantments, extremely unstealthy
A: damage resistance, recharge devices, negative energy resistance 1, sense
surroundings 3, slow regeneration 3, strong 1
a: Device Recharging, Berserk, Trog's Hand, Burn Spellbooks, Renounce Religion,
Evoke Invisibility, Stop Flying
}: 2/15 runes: decaying, serpentine


You were on level 5 of the Vaults.
You worshipped Trog.
Trog was most pleased with you.
You were not hungry.

You visited 7 branches of the dungeon, and saw 45 of its levels.
You visited the Abyss 1 time.

You collected 5556 gold pieces.
You spent 1936 gold pieces at shops.


Innate Abilities, Weirdness & Mutations

You are resistant to damage.
You can recharge devices by infusing magical energy.
You resist negative energy.
You passively map a large area around you.
You do not regenerate naturally.
Your muscles are strong. (Str +2)


   Skills:
 + Level 20.6 Fighting
 - Level 20.6 Axes
 - Level 20.7 Armour
 - Level 20.7 Dodging
 + Level 14.5 Evocations


You had 22 spell levels left.
You didn't know any spells.

Inventory:

Hand Weapons
 f - the +12 battleaxe "Peleplau" {chop, rElec}
   (Trog gifted it to you on level 4 of the Orcish Mines)

   It inflicts extra damage upon your enemies.
   It insulates you from electricity.
 D - the +11 battleaxe "Sarcophage" (weapon) {elec, rPois rC+ Stlth+}
   (Trog gifted it to you on level 1 of the Lair of Beasts)

   Occasionally, upon striking a foe, it will discharge some electrical energy
   and cause terrible harm.
   It protects you from cold.
   It protects you from poison.
   It makes you more stealthy.
Armour
 g - a +2 pair of gloves (worn)
 j - the -2 hat of the Alchemist (worn) {rElec rPois rF+ rC+ rN+ MR+ rMut rCorr}
   (You acquired it on level 7 of the Lair of Beasts)

   It protects you from fire.
   It protects you from cold.
   It insulates you from electricity.
   It protects you from poison.
   It protects you from negative energy.
   It affects your resistance to hostile enchantments.
   It protects you from acid and corrosion.
   It protects you from mutation.
 k - a fire dragon hide
 m - a +1 helmet
 r - a +1 cloak of poison resistance
 x - a +2 cloak (worn)
 G - a +4 chain mail of fire resistance
 J - a +2 pair of boots of flying (worn)
 L - a +1 plate armour of poison resistance
 R - the +1 chain mail "Qemer" (worn) {rC+ Dex+6 SInv}
   (You bought it in a shop on level 1 of the Depths)

   It affects your dexterity (+6).
   It protects you from cold.
   It lets you see invisible.
Jewellery
 s - a +4 ring of evasion (left hand)
 t - an uncursed ring of fire
 u - an uncursed ring of ice
 C - a +3 ring of strength
 E - an uncursed ring of magical power {unknown}
 F - an uncursed ring of protection from cold
 H - the ring of Meytuhyo (right hand) {Fire +Inv rPois rN++ Dex-3}
   (You found it on level 2 of the Lair of Beasts)

   [ring of fire]

   It enhances your fire magic, and weakens your ice magic.
   It affects your dexterity (-3).
   It protects you from fire.
   It makes you vulnerable to cold.
   It protects you from poison.
   It greatly protects you from negative energy.
   It lets you turn invisible.
 N - the amulet "Wun Zeki" (around neck) {rMut MP+9 Str+3 Slay-3}
   (You found it on level 2 of the Depths)

   [amulet of resist mutation]

   It protects you from mutation.
   It affects your strength (+3).
   It affects your accuracy and damage with ranged weapons and melee attacks
   (-3).
   It affects your magic capacity (+9).
Wands
 v - a wand of teleportation (0)
 y - a wand of disintegration (12)
 A - a wand of teleportation (0)
 Y - a wand of heal wounds (0)
Scrolls
 a - 27 scrolls of identify
 c - 4 scrolls of enchant weapon
 i - 2 scrolls of teleportation
 q - 22 scrolls of remove curse
 w - 3 scrolls of enchant armour
Potions
 d - 7 potions of curing
 n - 5 potions of might
 p - 2 potions of resistance
 B - 10 potions of haste
 K - a potion of cure mutation
Comestibles
 b - 18 bread rations
 e - 7 fruits
 h - 2 royal jellies
 l - 18 meat rations
 o - 19 chunks of flesh
 z - 2 beef jerkies
 I - 2 slices of pizza

Dungeon Overview and Level Annotations

Branches:
Dungeon (15/15)            Temple (0/1) D:6            Lair (8/8) D:9
  Swamp (4/4) Lair:6        Snake (4/4) Lair:3        Slime (0/6) Lair:6
    Orc (4/4) D:11            Elf (0/3) Orc:3        Vaults (5/5) D:14
  Crypt (0/3) Vaults:2     Depths (5/5) D:15            Zot (0/5) Depths:5

Altars:
Ashenzari
Cheibriados
Dithmenos
Elyvilon
Fedhas
Makhleb
Nemelex Xobeh
Okawaru
Qazlal
Ru
Sif Muna
Trog
Vehumet
Xom
Yredelemnul
Zin
Beogh

Shops:
D:9 *   D:12 (   D:14 *   Orc:4 (:*   Snake:2 *   Depths:1 *

Portals:
Hell: Lair:8 Depths:1 Depths:2 Depths:3 Depths:4 Depths:5
Abyss: Depths:3 Depths:4
Pandemonium: Depths:3
Ziggurat: Depths:4

Annotations:
D:12 4 runed doors
Vaults:5 Saint Roka, Wiglaf


Message History

The titan hits you!!
* * * LOW HITPOINT WARNING * * *
The titan hits you.
You slash the titan!
The titan is moderately wounded.
You hit the vault warden but do no damage.
You hit the titan but do no damage.
The titan is lightly wounded.
Your surroundings suddenly seem different.
A stone giant comes into view.
The stone giant shouts!
The stone giant throws a large rock.
The large rock hits you!
* * * LOW HITPOINT WARNING * * *
You see here a large rock.
A vault sentinel comes into view. It is wielding a war axe.
The vault sentinel shouts!
The stone giant throws a large rock.
The large rock hits you but does no damage.
The stone giant throws a large rock.
The large rock hits you!!
You die...

, , ...# * **,, , * ,
...# * , * , *, * * ,
##..# * , *, * * ...#
,..# ,, * * **, *
*###..#....# * , ,*,*
,....#....#, , , , ,
* ...#....#* ..* , *
** ..####..#....###.
* ,
....C...#....#..#* ,*
,,,
....e...........#* *
* * *
*######@.......####*
,
........(..........,,
, ,
,..........<<)......,
, ,,, ,
ep.......<)(<...... ,
:.........<<....... ,
, ***
#######...)....####*
* (.......**
........(......
.:.}...#
....#....#.(...
%..... ,
...##....#.....,, ,
##~.~.# ,,....
#....#,...., ..~~~.#
,,..* #CD..# .... ,


You could see a stone giant, a deep elf demonologist, a vault sentinel and a
deep elf high priest.

Vanquished Creatures
  Mara (Swamp:3)
  A juggernaut (Depths:2)
  2 golden dragons (Depths:2)
  Nikola (Swamp:1)
  Jory (Vaults:5)
  Xtahua (Depths:3)
  2 bone dragons (Depths:5)
  Jorgrun (Depths:4)
  4 liches
  2 tentacled monstrosities
  A quicksilver dragon (Vaults:5)
  A titan (Vaults:5)
  A thorn hunter (Swamp:3)
  Gastronok (D:8)
  A sphinx (Vaults:3)
  3 shadow dragons (Vaults:5)
  7 tengu reavers
  A storm dragon (Vaults:2)
  3 deep elf sorcerers
  11 fire giants
  Donald (Orc:4)
  12 vault wardens
  10 greater nagas
  5 frost giants
  Aizul (Swamp:2)
  3 iron dragons
  4 spriggan defenders
  14 ironheart preservers
  A draconian annihilator (Depths:5)
  The ghost of Raultor the Unseen, an adept VSAs of Zin (Snake:2)
  15 stone giants
  3 vampire knights
  17 very ugly things
  3 salamander stormcallers
  Nessos (Lair:8)
  18 spark wasps
  2 red draconians (Depths:5)
  2 deep elf demonologists
  A purple draconian (Depths:5)
  A mottled draconian (Depths:5)
  2 eidola (Vaults:2)
  3 deep elf death magi
  A green death (Abyss:1)
  2 jiangshi (Depths:1)
  9 ettins
  A quicksilver dragon zombie (Depths:1)
  Josephine (Swamp:1)
  11 fire dragons
  34 vault guards
  7 entropy weavers
  10 ice dragons
  18 yaktaur captains
  2 ghost crabs
  2 rakshasas (Depths:2)
  10 great orbs of eyes
  12 naga warriors
  19 hydras
  Erolcha (D:8)
  A spriggan air mage (Depths:5)
  2 ghost crabs (shapeshifter)
  7 centaur warriors
  10 ogre magi
  6 alligators
  9 anacondas
  A catoblepas (D:13)
  A satyr (shapeshifter) (Depths:2)
  The ghost of endege the Severer, a journeyman TeBe of Trog (D:11)
  9 death yaks
  4 deep troll earth magi
  5 deep troll shamans
  4 tengu warriors
  2 spriggan berserkers
  A thrashing horror (Abyss:1)
  23 naga sharpshooters
  2 vampire magi
  A storm dragon zombie (Depths:1)
  2 shock serpents
  5 hell knights (Depths:1)
  The ghost of Raultor the Quickloader, a novice CeHu of Okawaru (D:7)
  3 sea snakes
  2 skeletal warriors (Vaults:1)
  A spriggan druid (Swamp:4)
  2 salamander mystics
  A fire crab (shapeshifter) (Depths:2)
  2 giant orange brains (shapeshifter)
  3 fire crabs
  19 deep trolls
  7 swamp dragons
  3 shadow wraiths
  6 wizards
  9 hill giants
  3 shambling mangroves
  13 orc knights
  4 unseen horrors
  6 naga ritualists (Snake:4)
  4 giant orange brains
  4 flayed ghosts
  7 ironbrand convokers
  A large abomination (Abyss:1)
  Pikel (D:8)
  A lindwurm (Swamp:4)
  6 necromancers
  11 griffons
  11 orc sorcerers
  An orb spider (shapeshifter) (Depths:2)
  8 hornets
  5 harpies (Vaults:2)
  An anubis guard (shapeshifter) (D:12)
  5 deep elf conjurers
  8 wolf spiders
  A worldbinder (Abyss:1)
  15 vault sentinels
  A frost giant zombie (Depths:1)
  3 cyclopes
  6 mana vipers
  4 manticores
  A hornet (shapeshifter) (D:13)
  34 ugly things
  12 elephants
  3 stone giant skeletons
  A fire giant skeleton (Vaults:2)
  21 salamanders
  A sixfirhy (Abyss:1)
  24 black mambas
  An elephant (shapeshifter) (Depths:2)
  An apocalypse crab (Abyss:1)
  18 spiny frogs
  22 naga magi
  2 orange demons (Lair:8)
  A molten gargoyle (Depths:2)
  2 guardian serpents
  2 torpor snails (Lair:8)
  An eye of devastation (shapeshifter) (Vaults:5)
  A spiny frog (shapeshifter) (Vaults:3)
  4 gargoyles
  A komodo dragon (shapeshifter) (Vaults:3)
  60 yaktaurs
  5 kobold demonologists
  A hellwing (Lair:8)
  6 komodo dragons
  3 ice devils (Lair:8)
  9 fire drakes
  6 freezing wraiths
  5 tengu conjurers
  9 trolls
  4 giant leeches
  A fire drake (shapeshifter) (Depths:2)
  3 polar bears
  A queen bee (shapeshifter) (Vaults:2)
  A wind drake (shapeshifter) (Depths:2)
  3 jumping spiders
  21 blink frogs
  A slime creature (shapeshifter) (Depths:2)
  A raiju (shapeshifter) (Depths:2)
  29 slime creatures
  4 bog bodies
  A troll (shapeshifter) (Depths:2)
  8 boulder beetles
  A trapdoor spider (D:14)
  17 two-headed ogres
  9 redbacks
  5 wraiths (Swamp:1)
  An ettin skeleton (Vaults:4)
  Sigmund (D:3)
  9 air elementals (Depths:5)
  5 deep elf magi
  2 tarantellas (shapeshifter) (Depths:2)
  9 water elementals
  A fire elemental (Swamp:4)
  36 yaks
  15 spriggans
  A steam dragon (Lair:6)
  5 shadows
  A hog (shapeshifter) (Depths:2)
  A human (shapeshifter) (Depths:2)
  A centaur simulacrum (D:14)
  2 ynoxinuls (Abyss:1)
  A golden eye (shapeshifter) (D:13)
  2 wyverns
  4 basilisks
  36 nagas
  4 deep elf fighters
  38 vampire mosquitoes
  4 mottled dragons
  14 wolves
  Edmund (D:6)
  14 hippogriffs
  A soldier ant (shapeshifter) (Depths:2)
  25 swamp worms
  8 insubstantial wisps
  9 wargs
  21 orc warriors
  A small abomination (Abyss:1)
  16 porcupines
  22 water moccasins
  15 swamp drakes
  5 sky beasts
  4 slaves (D:8)
  2 black bears
  18 wasps
  4 boggarts
  9 ice beasts
  An ettin simulacrum (Vaults:2)
  51 ogres
  2 hell hounds (Lair:8)
  An eye of draining (D:14)
  A boggart (shapeshifter) (Vaults:3)
  3 necrophages
  32 centaurs
  5 phantoms
  21 crocodiles
  2 big kobolds
  Blork the orc (D:4)
  34 giant frogs
  3 human skeletons
  A water moccasin skeleton (D:6)
  3 scorpions
  A human simulacrum (Vaults:2)
  7 wights
  10 killer bees
  5 electric eels
  6 crimson imps
  5 jellies
  4 hounds
  6 centaur zombies
  4 giant frog zombies
  13 orc priests
  A giant frog skeleton (D:4)
  5 centaur skeletons
  39 orc wizards
  A gnoll shaman (D:7)
  10 hell rats
  An iron imp (Abyss:1)
  7 iguanas
  28 sheep
  17 worker ants
  A hound zombie (D:5)
  13 gnolls
  80 river rats
  4 shadow imps
  21 adders
  2 oozes (D:3)
  2 adder skeletons
  An adder zombie (D:6)
  4 worms
  6 giant geckos
  150 orcs
  5 ball pythons
  6 bats
  7 goblins
  8 hobgoblins
  A jackal (shapeshifter) (Depths:2)
  7 quokkas
  7 giant cockroaches
  4 giant newts
  2 jackals (D:8)
  19 kobolds
  19 rats
  A briar patch (Swamp:3)
  A bush (Lair:5)
  19 fungi
  16 plants
2063 creatures vanquished.

Vanquished Creatures (collateral kills)
  Snorg (Lair:4)
  A fire dragon (Depths:3)
  2 spriggan air magi (Depths:5)
  3 hydras
  A hell beast (Lair:8)
  The ghost of endege the Cleaver, a novice DDGl of Makhleb (D:8)
  2 death yaks (Lair:4)
  An obsidian statue (Depths:2)
  A vault sentinel (Vaults:4)
  An orange demon (Lair:8)
  A spiny frog (Lair:8)
  2 red devils (Lair:8)
  A naga (Snake:2)
  2 crocodiles (Lair:8)
  3 boggarts
  A centaur zombie (D:8)
  A hell rat (Lair:5)
25 creatures vanquished.

Vanquished Creatures (others)
  A spark wasp (Depths:2)
  A hydra (Swamp:2)
  A salamander mystic (Snake:4)
  A spiny frog (Swamp:2)
  A spriggan (Swamp:2)
  2 swamp drakes (Swamp:4)
  2 ogres (Vaults:5)
  A shadow imp (D:11)
  2 orcs (Orc:4)
  A quokka (D:11)
  A briar patch (Swamp:3)
  5 fungi
  10 plants
29 creatures vanquished.

Grand Total: 2117 creatures vanquished

Notes
Turn   | Place    | Note
--------------------------------------------------------------
     0 | D:1      | endege the Deep Dwarf Berserker began the quest for the Orb.
     0 | D:1      | Reached XP level 1. HP: 20/20 MP: 1/1
     0 | D:1      | 0 ||| counter = 20
    86 | D:1      | Reached skill level 1 in Evocations
   119 | D:1      | Reached XP level 2. HP: 17/27 MP: 1/3
   374 | D:1      | Reached ** piety under Trog
   393 | D:1      | Reached skill level 4 in Axes
   713 | D:1      | 713 ||| UPGRADING to leather armour.
   723 | D:1      | 723 ||| DROPPING +0 animal skin.
   724 | D:1      | 724 ||| READING scroll labeled XIGYHU GAKEOSE.
   725 | D:1      | 725 ||| READING 2 scrolls labeled ZIENYHEITO.
   726 | D:1      | 726 ||| READING scroll labeled CASYDW TONG.
   727 | D:1      | 727 ||| DRINKING 2 coppery potions.
   728 | D:1      | 728 ||| DROPPING potion of brilliance.
   754 | D:2      | 754 ||| STAIRDANCE
   758 | D:1      | Reached XP level 3. HP: 13/33 MP: 4/4
   759 | D:1      | 759 ||| ZAPPING wand of heal wounds (5).
   766 | D:2      | Found a stormy altar of Qazlal.
   959 | D:2      | 959 ||| INVOKING Berserk.
  1030 | D:2      | Reached skill level 3 in Evocations
  1149 | D:2      | Found a radiant altar of Vehumet.
  1291 | D:2      | 1291 ||| INVOKING Berserk.
  1427 | D:2      | Found a burning altar of Makhleb.
  1429 | D:2      | Noticed a blizzard demon
  1459 | D:2      | 1459 ||| READING scroll labeled YMUATTAOWU.
  1460 | D:2      | 1460 ||| READING scroll labeled BULAAWN PETIH.
  1461 | D:2      | 1461 ||| READING scroll labeled OSTRURU VEL KUO.
  1462 | D:2      | 1462 ||| READING scroll labeled YHESMA NELIER.
  1463 | D:2      | 1463 ||| DRINKING 2 purple potions.
  1503 | D:2      | 1503 ||| READING 2 scrolls of identify.
  1503 | D:2      | 1503 ||| IDENTIFYING diamond ring
  1504 | D:2      | 1504 ||| DROPPING cursed -2 ring of strength.
  1505 | D:2      | 1505 ||| DROPPING potion of lignification.
  1556 | D:3      | Reached XP level 4. HP: 24/40 MP: 6/6
  1752 | D:3      | Noticed Sigmund
  1754 | D:3      | 1754 ||| INVOKING Berserk.
  1765 | D:3      | Killed Sigmund
  1765 | D:3      | Reached skill level 5 in Axes
  1765 | D:3      | Reached XP level 5. HP: 32/46 MP: 6/8
  1864 | D:3      | Reached *** piety under Trog
  2326 | D:3      | 2326 ||| UPGRADING to runed robe.
  2336 | D:3      | 2336 ||| UPGRADING to pair of gloves.
  2341 | D:3      | 2341 ||| DROPPING +0 leather armour.
  2342 | D:3      | 2342 ||| READING scroll labeled BOUBADGHY ANWUE.
  2343 | D:3      | 2343 ||| READING 2 scrolls of identify.
  2343 | D:3      | 2343 ||| IDENTIFYING wand of teleportation
  2403 | D:4      | Found a shimmering altar of Xom.
  2644 | D:4      | Reached XP level 6. HP: 25/55 MP: 9/9
  2645 | D:4      | 2645 ||| ZAPPING wand of heal wounds (4).
  2646 | D:4      | 2646 ||| READING scroll of recharging.
  2646 | D:4      | 2646 ||| RECHARGING wand of heal wounds (3).
  2853 | D:4      | Reached skill level 3 in Fighting
  2853 | D:4      | Reached skill level 6 in Axes
  2890 | D:4      | 2890 ||| ZAPPING wand of heal wounds (6).
  2988 | D:4      | 2988 ||| ZAPPING wand of heal wounds (5).
  2998 | D:4      | 2998 ||| INVOKING Berserk.
  3005 | D:4      | Reached XP level 7. HP: 62/62 MP: 10/10
  3034 | D:4      | Reached skill level 7 in Axes
  3184 | D:4      | Noticed a wyvern
  3193 | D:4      | 3193 ||| ZAPPING wand of heal wounds (4).
  3194 | D:4      | Killed a wyvern
  3195 | D:4      | 3195 ||| MP-RECHARGING wand of heal wounds (3).
  3210 | D:4      | Found an iron altar of Okawaru.
  3210 | D:4      | Noticed Blork the orc
  3231 | D:4      | 3231 ||| ZAPPING wand of heal wounds (7).
  3235 | D:4      | Killed Blork the orc
  3235 | D:4      | Reached skill level 8 in Axes
  3344 | D:4      | Found a sacrificial altar of Ru.
  3408 | D:4      | 3408 ||| UPGRADING to cloak.
  3413 | D:4      | 3413 ||| UPGRADING to scale mail.
  3423 | D:4      | 3423 ||| DROPPING +2 robe of magic resistance.
  3424 | D:4      | 3424 ||| UPGRADING to chain mail.
  3434 | D:4      | 3434 ||| DROPPING +0 scale mail.
  3435 | D:4      | 3435 ||| READING scroll labeled VELYGI ZASSE.
  3440 | D:4      | 3440 ||| DRINKING 2 inky potions.
  3441 | D:4      | 3441 ||| READING scroll of identify.
  3441 | D:4      | 3441 ||| IDENTIFYING thick cameo amulet
  3442 | D:4      | 3442 ||| DROPPING amulet of guardian spirit.
  3443 | D:4      | 3443 ||| DROPPING wand of flame.
  3444 | D:4      | 3444 ||| DROPPING potion of agility.
  3502 | D:5      | Entered Level 5 of the Dungeon
  3599 | D:5      | 3599 ||| ZAPPING wand of heal wounds (6).
  3627 | D:5      | Reached XP level 8. HP: 49/72 MP: 10/10
  3662 | D:5      | 3662 ||| UPGRADING to war axe.
  3663 | D:5      | 3663 ||| DROPPING +0 hand axe.
  3707 | D:5      | Found a snail-covered altar of Cheibriados.
  3712 | D:5      | Found a shattered altar of Ashenzari.
  3717 | D:5      | Found a bloodstained altar of Trog.
  3743 | D:5      | Found a deep blue altar of Sif Muna.
  3771 | D:5      | 3771 ||| ZAPPING wand of heal wounds (5).
  3970 | D:5      | 3970 ||| READING scroll of enchant armour.
  3970 | D:5      | 3970 ||| ENCHANTING +0 pair of gloves.
  4033 | D:5      | Reached **** piety under Trog
  4063 | D:5      | Got a slimy ring mail
  4159 | D:5      | Reached skill level 3 in Armour
  4320 | D:5      | 4320 ||| UPGRADING to pair of boots.
  4325 | D:5      | 4325 ||| UPGRADING to slimy ring mail.
  4335 | D:5      | Identified the cursed +0 ring mail of Lugonu's Hope {Dex+4 SInv} (You found it on level 5 of the Dungeon)
  4335 | D:5      | 4335 ||| READING 2 scrolls of remove curse.
  4336 | D:5      | 4336 ||| UPGRADING to +0 chain mail.
  4346 | D:5      | 4346 ||| DROPPING +0 ring mail of Lugonu's Hope {Dex+4 SInv}.
  4347 | D:5      | 4347 ||| READING scroll labeled WULIXZEZONG.
  4348 | D:5      | 4348 ||| DRINKING 3 brown potions.
  4349 | D:5      | 4349 ||| DRINKING 2 silvery potions.
  4350 | D:5      | 4350 ||| READING 3 scrolls of identify.
  4350 | D:5      | 4350 ||| IDENTIFYING amethyst potion
  4351 | D:5      | 4351 ||| READING 2 scrolls of identify.
  4351 | D:5      | 4351 ||| IDENTIFYING sapphire potion
  4352 | D:5      | 4352 ||| DROPPING potion of cancellation.
  4353 | D:5      | 4353 ||| DROPPING potion of flight.
  4374 | D:6      | Reached skill level 9 in Axes
  4378 | D:6      | Noticed Edmund
  4403 | D:6      | Killed Edmund
  4494 | D:6      | Found a staircase to the Ecumenical Temple.
  4562 | D:6      | 4562 ||| DRINKING potion of heal wounds.
  4578 | D:6      | 4578 ||| ZAPPING wand of heal wounds (4).
  4579 | D:6      | 4579 ||| MP-RECHARGING wand of heal wounds (3).
  4659 | D:6      | Reached skill level 10 in Axes
  4715 | D:6      | 4715 ||| ZAPPING wand of heal wounds (7).
  4727 | D:6      | 4727 ||| READING scroll of enchant armour.
  4727 | D:6      | 4727 ||| ENCHANTING +1 pair of gloves.
  4914 | D:6      | 4914 ||| DROPPING wand of polymorph.
  5012 | D:7      | 5012 ||| INVOKING Berserk.
  5017 | D:7      | Gained mutation: You passively map the area around you. [Deep Dwarf growth]
  5017 | D:7      | Reached XP level 9. HP: 81/81 MP: 10/10
  5112 | D:7      | Noticed Raultor's ghost (novice CeHu)
  5115 | D:7      | 5115 ||| INVOKING Berserk.
  5125 | D:7      | Killed Raultor's ghost
  5125 | D:7      | Reached skill level 11 in Axes
  5365 | D:7      | Found a shadowy altar of Dithmenos.
  5430 | D:7      | 5430 ||| INVOKING Berserk.
  5431 | D:7      | Reached ***** piety under Trog
  5441 | D:7      | Received a gift from Trog
  5449 | D:7      | 5449 ||| DRINKING 2 potions of heal wounds.
  5789 | D:7      | 5789 ||| UPGRADING to glowing ring mail.
  5799 | D:7      | 5799 ||| UPGRADING to +0 chain mail.
  5809 | D:7      | 5809 ||| DROPPING +0 ring mail of fire resistance.
  5810 | D:7      | 5810 ||| UPGRADING to blackened agate ring.
  5811 | D:7      | 5811 ||| REMOVING ring of stealth.
  5812 | D:7      | 5812 ||| DROPPING ring of stealth.
  5813 | D:7      | 5813 ||| READING scroll labeled HYITHY CAXKUF.
  5814 | D:7      | 5814 ||| READING scroll labeled QAIHA VASOESO.
  5840 | D:8      | Noticed endege's ghost (novice DDGl)
  5840 | D:8      | 5840 ||| INVOKING Brothers in Arms.
  5844 | D:8      | 5844 ||| INVOKING Berserk.
  5855 | D:8      | Killed endege's ghost
  5855 | D:8      | Reached skill level 12 in Axes
  5922 | D:8      | Noticed Gastronok
  5925 | D:8      | 5925 ||| INVOKING Berserk.
  5935 | D:8      | Reached skill level 6 in Fighting
  5938 | D:8      | Killed Gastronok
  5938 | D:8      | Reached XP level 10. HP: 53/93 MP: 11/11
  5949 | D:8      | 5949 ||| DRINKING potion of heal wounds.
  5950 | D:8      | 5950 ||| EATING 4 bread rations.
  5953 | D:8      | 5953 ||| ZAPPING wand of heal wounds (6).
  6165 | D:8      | Reached skill level 13 in Axes
  6306 | D:8      | Noticed Pikel
  6308 | D:8      | 6308 ||| INVOKING Berserk.
  6326 | D:8      | Killed Pikel
  6403 | D:8      | Noticed Erolcha
  6403 | D:8      | 6403 ||| INVOKING Trog's Hand.
  6412 | D:8      | 6412 ||| INVOKING Berserk.
  6419 | D:8      | HP: 6/139 [Erolcha/crystal spear (36)]
  6422 | D:8      | Killed Erolcha
  6422 | D:8      | Reached skill level 14 in Axes
  6442 | D:8      | 6442 ||| DRINKING potion of heal wounds.
  6443 | D:8      | 6443 ||| ZAPPING wand of heal wounds (5).
  6500 | D:8      | 6500 ||| ZAPPING wand of heal wounds (4).
  6501 | D:8      | 6501 ||| MP-RECHARGING wand of heal wounds (3).
  6502 | D:8      | 6502 ||| MP-RECHARGING wand of heal wounds (3).
  6510 | D:8      | Found a basalt altar of Yredelemnul.
  6646 | D:8      | Found a blossoming altar of Fedhas.
  6737 | D:8      | Noticed a hill giant
  6741 | D:8      | 6741 ||| INVOKING Berserk.
  6747 | D:8      | Killed a hill giant
  6747 | D:8      | Reached XP level 11. HP: 100/100 MP: 11/11
  6812 | D:8      | Found a white marble altar of Elyvilon.
  6936 | D:8      | 6936 ||| UPGRADING to plate armour.
  6946 | D:8      | 6946 ||| DROPPING +0 chain mail.
  6947 | D:8      | 6947 ||| READING 5 scrolls of remove curse.
  6948 | D:8      | 6948 ||| DRINKING 3 glowing inky potions.
  6949 | D:8      | 6949 ||| DROPPING wand of frost.
  6950 | D:8      | 6950 ||| DROPPING 2 potions of degeneration.
  7111 | D:9      | Found a glowing silver altar of Zin.
  7190 | D:9      | 7190 ||| READING scroll of enchant armour.
  7190 | D:9      | 7190 ||| ENCHANTING +0 pair of boots.
  7355 | D:9      | 7355 ||| INVOKING Berserk.
  7459 | D:9      | Found Nycsek's Assorted Antiques.
  7467 | D:9      | Bought a blackened wooden ring for 120 gold pieces
  7467 | D:9      | Bought a metallic pink potion for 21 gold pieces
  7467 | D:9      | Bought a scroll of remove curse for 72 gold pieces
  7467 | D:9      | Bought a fizzy purple potion for 21 gold pieces
  7637 | D:9      | 7637 ||| ZAPPING wand of heal wounds (6).
  7677 | D:9      | 7677 ||| INVOKING Berserk.
  7781 | D:9      | Found a staircase to the Lair.
  7795 | D:9      | 7795 ||| ZAPPING wand of heal wounds (5).
  7825 | D:9      | 7825 ||| UPGRADING to blackened wooden ring.
  7826 | D:9      | 7826 ||| REMOVING ring of ice.
  7827 | D:9      | 7827 ||| READING scroll labeled TOHACWE KEUCHI.
  7828 | D:9      | 7828 ||| READING scroll labeled MEMNIW QUHUNI.
  7829 | D:9      | 7829 ||| READING 2 scrolls of identify.
  7829 | D:9      | 7829 ||| IDENTIFYING yellow potion
  7830 | D:9      | 7830 ||| DROPPING wand of slowing.
  7847 | Lair:1   | Entered Level 1 of the Lair of Beasts
  7848 | Lair:1   | 7848 ||| Entered L.
  7848 | Lair:1   | 7848 ||| INVOKING Berserk.
  7852 | Lair:1   | Received a gift from Trog
  7892 | Lair:1   | Got a faintly glowing battleaxe {god gift}
  7893 | Lair:1   | 7893 ||| UPGRADING to faintly glowing battleaxe {god gift}.
  7893 | Lair:1   | Identified the +11 battleaxe "Sarcophage" {elec, rPois rC+ Stlth+} (Trog gifted it to you on level 1 of the Lair of Beasts)
  7894 | Lair:1   | 7894 ||| DROPPING +0 war axe.
  8065 | Lair:1   | Reached skill level 15 in Axes
  8095 | Lair:1   | 8095 ||| INVOKING Berserk.
  8400 | Lair:1   | 8400 ||| INVOKING Berserk.
  8495 | Lair:1   | Found a dark tunnel.
  8502 | Lair:1   | 8502 ||| ZAPPING wand of heal wounds (4).
  8503 | Lair:1   | 8503 ||| MP-RECHARGING wand of heal wounds (3).
  8711 | Lair:1   | 8711 ||| UPGRADING to twisted beryl amulet.
  8712 | Lair:1   | 8712 ||| REMOVING amulet of regeneration.
  8713 | Lair:1   | 8713 ||| DROPPING amulet of regeneration.
  8714 | Lair:1   | 8714 ||| UPGRADING to ruby ring.
  8715 | Lair:1   | 8715 ||| REMOVING ring of sustain attributes.
  8716 | Lair:1   | 8716 ||| DROPPING ring of sustain attributes.
  8717 | Lair:1   | 8717 ||| READING 2 scrolls of identify.
  8717 | Lair:1   | 8717 ||| IDENTIFYING viscous pink potion
  8718 | Lair:1   | 8718 ||| DROPPING potion of invisibility.
  8946 | Lair:2   | 8946 ||| ZAPPING wand of heal wounds (9).
  9004 | Lair:2   | Got a smoking tin ring
  9057 | Lair:2   | 9057 ||| INVOKING Berserk.
  9060 | Lair:2   | Reached skill level 16 in Axes
  9272 | Lair:2   | 9272 ||| ZAPPING wand of heal wounds (8).
  9385 | Lair:2   | 9385 ||| INVOKING Berserk.
  9395 | Lair:2   | 9395 ||| ZAPPING wand of teleportation (4).
  9475 | Lair:2   | 9475 ||| INVOKING Berserk.
  9569 | Lair:2   | 9569 ||| INVOKING Berserk.
 10084 | Lair:2   | 10084 ||| UPGRADING to smoking tin ring.
 10084 | Lair:2   | Identified the ring of Meytuhyo {Fire +Inv rPois rN++ Dex-3} (You found it on level 2 of the Lair of Beasts)
 10105 | Lair:3   | 10105 ||| INVOKING Berserk.
 10111 | Lair:3   | Noticed a six-headed hydra
 10111 | Lair:3   | Reached XP level 12. HP: 112/112 MP: 11/11
 10122 | Lair:3   | Killed a nine-headed hydra
 10129 | Lair:3   | 10129 ||| ZAPPING wand of teleportation (3).
 10135 | Lair:3   | Reached skill level 6 in Armour
 10136 | Lair:3   | 10136 ||| ZAPPING wand of heal wounds (7).
 10147 | Lair:3   | 10147 ||| EATING 3 beef jerkies.
 10164 | Lair:3   | 10164 ||| INVOKING Brothers in Arms.
 10188 | Lair:3   | 10188 ||| INVOKING Berserk.
 10244 | Lair:3   | Noticed a seven-headed hydra
 10244 | Lair:3   | 10244 ||| INVOKING Brothers in Arms.
 10247 | Lair:3   | 10247 ||| INVOKING Berserk.
 10248 | Lair:3   | Killed a seven-headed hydra
 10248 | Lair:3   | Reached skill level 17 in Axes
 10253 | Lair:3   | 10253 ||| EATING 2 beef jerkies.
 10284 | Lair:3   | 10284 ||| ZAPPING wand of heal wounds (6).
 10369 | Lair:3   | Found a staircase to the Snake Pit.
 10789 | Lair:3   | 10789 ||| ZAPPING wand of heal wounds (5).
 11249 | Lair:3   | 11249 ||| READING 2 scrolls of identify.
 11249 | Lair:3   | 11249 ||| IDENTIFYING murky blue potion
 11250 | Lair:3   | 11250 ||| DROPPING potion of ambrosia.
 11251 | Lair:3   | 11251 ||| DROPPING wand of paralysis.
 11252 | Lair:3   | 11252 ||| DROPPING wand of enslavement.
 11287 | Lair:4   | 11287 ||| STAIRDANCE
 11299 | Lair:4   | 11299 ||| STAIRDANCE
 11450 | Lair:4   | 11450 ||| ZAPPING wand of heal wounds (4).
 11451 | Lair:4   | 11451 ||| MP-RECHARGING wand of heal wounds (3).
 11473 | Lair:4   | Reached skill level 9 in Fighting
 11529 | Lair:4   | Received a gift from Trog
 11538 | Lair:4   | Reached skill level 18 in Axes
 11599 | Lair:4   | 11599 ||| INVOKING Brothers in Arms.
 11603 | Lair:4   | 11603 ||| INVOKING Berserk.
 11729 | Lair:4   | Received a gift from Trog
 11733 | Lair:4   | 11733 ||| UPGRADING to runed battleaxe {god gift}.
 11734 | Lair:4   | 11734 ||| UPGRADING to +11 battleaxe "Sarcophage" {elec, rPois rC+ Stlth+}.
 11735 | Lair:4   | 11735 ||| DROPPING +6 antimagic battleaxe.
 11811 | Lair:4   | 11811 ||| INVOKING Brothers in Arms.
 11886 | Lair:4   | Noticed Snorg
 11889 | Lair:4   | 11889 ||| INVOKING Brothers in Arms.
 11893 | Lair:4   | Killed Snorg
 11894 | Lair:4   | 11894 ||| DRINKING potion of heal wounds.
 11913 | Lair:4   | 11913 ||| EATING beef jerky.
 12169 | Lair:4   | 12169 ||| UPGRADING to notched bone ring.
 12170 | Lair:4   | 12170 ||| READING 10 scrolls of remove curse.
 12171 | Lair:4   | 12171 ||| REMOVING -2 ring of dexterity.
 12172 | Lair:4   | 12172 ||| DROPPING -2 ring of dexterity.
 12346 | Lair:5   | 12346 ||| DRINKING potion of heal wounds.
 12381 | Lair:5   | Noticed a four-headed hydra
 12382 | Lair:5   | 12382 ||| INVOKING Brothers in Arms.
 12385 | Lair:5   | 12385 ||| INVOKING Berserk.
 12386 | Lair:5   | Killed a four-headed hydra
 12386 | Lair:5   | Reached XP level 13. HP: 121/121 MP: 11/11
 12526 | Lair:5   | 12526 ||| ZAPPING wand of heal wounds (6).
 12721 | Lair:5   | Reached skill level 19 in Axes
 12874 | Lair:5   | 12874 ||| UPGRADING to glowing cloak.
 12884 | Lair:5   | 12884 ||| DROPPING +0 cloak.
 12885 | Lair:5   | 12885 ||| UPGRADING to ring of strength.
 12886 | Lair:5   | 12886 ||| READING 2 scrolls of identify.
 12886 | Lair:5   | 12886 ||| IDENTIFYING fuming orange potion
 12906 | Lair:6   | 12906 ||| STAIRDANCE
 12911 | Lair:5   | 12911 ||| DRINKING potion of heal wounds.
 12918 | Lair:6   | 12918 ||| STAIRDANCE
 12969 | Lair:6   | Received a gift from Trog
 12971 | Lair:6   | 12971 ||| UPGRADING to glowing executioner's axe {god gift}.
 12972 | Lair:6   | 12972 ||| UPGRADING to +11 battleaxe "Sarcophage" {elec, rPois rC+ Stlth+}.
 12973 | Lair:6   | 12973 ||| DROPPING +1 executioner's axe of flaming.
 13163 | Lair:6   | 13163 ||| DRINKING 3 potions of heal wounds.
 13190 | Lair:6   | Found a staircase to the Slime Pits.
 13248 | Lair:6   | 13248 ||| DRINKING 2 potions of heal wounds.
 13251 | Lair:6   | 13251 ||| INVOKING Brothers in Arms.
 13254 | Lair:6   | 13254 ||| INVOKING Berserk.
 13259 | Lair:6   | Found a staircase to the Swamp.
 13315 | Lair:6   | 13315 ||| DRINKING potion of heal wounds.
 13922 | Lair:6   | 13922 ||| UPGRADING to embroidered cloak.
 13932 | Lair:6   | 13932 ||| DROPPING +1 cloak.
 13933 | Lair:6   | 13933 ||| READING 3 scrolls of identify.
 13933 | Lair:6   | 13933 ||| IDENTIFYING fizzy inky potion
 13934 | Lair:6   | 13934 ||| DRINKING potion of experience.
 13934 | Lair:6   | Reached skill level 20 in Axes
 13934 | Lair:6   | Gained mutation: You resist negative energy. [Deep Dwarf growth]
 13934 | Lair:6   | Reached XP level 14. HP: 102/133 MP: 12/12
 13935 | Lair:6   | 13935 ||| ZAPPING wand of heal wounds (5).
 13936 | Lair:6   | 13936 ||| READING 2 scrolls of identify.
 13936 | Lair:6   | 13936 ||| IDENTIFYING red potion
 13937 | Lair:6   | 13937 ||| DROPPING potion of poison.
 13975 | Lair:7   | 13975 ||| STAIRDANCE
 14047 | Lair:7   | Reached skill level 6 in Dodging
 14129 | Lair:7   | 14129 ||| READING scroll of enchant armour.
 14129 | Lair:7   | 14129 ||| ENCHANTING +1 pair of boots.
 14563 | Lair:7   | 14563 ||| ZAPPING wand of heal wounds (4).
 14564 | Lair:7   | 14564 ||| MP-RECHARGING wand of heal wounds (3).
 14914 | Lair:7   | 14914 ||| UPGRADING to granite ring.
 14916 | Lair:7   | 14916 ||| REMOVING ring of invisibility.
 14917 | Lair:7   | 14917 ||| DROPPING ring of invisibility.
 14918 | Lair:7   | 14918 ||| UPGRADING to ring of Meytuhyo {Fire +Inv rPois rN++ Dex-3}.
 14919 | Lair:7   | 14919 ||| READING 2 scrolls labeled UFFESEIPT.
 14919 | Lair:7   | Identified 2 scrolls of acquirement
 14920 | Lair:7   | 14920 ||| READING scroll of acquirement.
 14922 | Lair:7   | 14922 ||| UPGRADING to -2 hat of the Alchemist {rElec rPois rF+ rC+ rN+ MR+ rMut rCorr}.
 14927 | Lair:7   | 14927 ||| READING 2 scrolls of identify.
 14927 | Lair:7   | 14927 ||| IDENTIFYING fizzy golden potion
 14928 | Lair:7   | 14928 ||| DROPPING wand of magic darts.
 14929 | Lair:7   | 14929 ||| DROPPING potion of mutation.
 14930 | Lair:7   | 14930 ||| DROPPING wand of confusion.
 14941 | Lair:8   | Entered Level 8 of the Lair of Beasts
 14948 | Lair:8   | 14948 ||| ZAPPING wand of heal wounds (6).
 14978 | Lair:8   | Reached ****** piety under Trog
 14985 | Lair:8   | Received a gift from Trog
 15000 | Lair:8   | 15000 ||| UPGRADING to runed battleaxe {god gift}.
 15001 | Lair:8   | 15001 ||| REMOVING ring of Meytuhyo {Fire +Inv rPois rN++ Dex-3}.
 15002 | Lair:8   | 15002 ||| UPGRADING to +11 battleaxe "Sarcophage" {elec, rPois rC+ Stlth+}.
 15003 | Lair:8   | 15003 ||| DROPPING +2 antimagic battleaxe.
 15069 | Lair:8   | 15069 ||| INVOKING Brothers in Arms.
 15071 | Lair:8   | 15071 ||| INVOKING Berserk.
 15086 | Lair:8   | 15086 ||| ZAPPING wand of heal wounds (5).
 15087 | Lair:8   | 15087 ||| ZAPPING wand of heal wounds (4).
 15088 | Lair:8   | 15088 ||| MP-RECHARGING wand of heal wounds (3).
 15206 | Lair:8   | 15206 ||| INVOKING Trog's Hand.
 15226 | Lair:8   | Found a burning altar of Makhleb.
 15228 | Lair:8   | 15228 ||| INVOKING Brothers in Arms.
 15242 | Lair:8   | 15242 ||| ZAPPING wand of heal wounds (9).
 15259 | Lair:8   | Reached skill level 9 in Armour
 15260 | Lair:8   | 15260 ||| ZAPPING wand of heal wounds (8).
 15261 | Lair:8   | 15261 ||| ZAPPING wand of heal wounds (7).
 15265 | Lair:8   | Found a gateway to Hell.
 15407 | Lair:8   | 15407 ||| ZAPPING wand of heal wounds (6).
 15477 | Lair:8   | 15477 ||| INVOKING Berserk.
 15478 | Lair:8   | Reached skill level 9 in Dodging
 15478 | Lair:8   | Reached XP level 15. HP: 140/140 MP: 11/11
 15664 | Lair:8   | 15664 ||| ZAPPING wand of heal wounds (5).
 15668 | Lair:8   | 15668 ||| INVOKING Brothers in Arms.
 15671 | Lair:8   | 15671 ||| INVOKING Berserk.
 15756 | Lair:8   | Noticed Nessos
 15757 | Lair:8   | 15757 ||| INVOKING Brothers in Arms.
 15766 | Lair:8   | Killed Nessos
 15767 | Lair:8   | 15767 ||| ZAPPING wand of heal wounds (4).
 15768 | Lair:8   | 15768 ||| MP-RECHARGING wand of heal wounds (3).
 15882 | Lair:8   | 15882 ||| ZAPPING wand of heal wounds (9).
 15898 | Lair:8   | 15898 ||| ZAPPING wand of heal wounds (8).
 15961 | Lair:8   | 15961 ||| ZAPPING wand of heal wounds (7).
 16068 | Lair:8   | 16068 ||| ZAPPING wand of heal wounds (6).
 16257 | Lair:8   | 16257 ||| UPGRADING to helmet.
 16267 | Lair:8   | 16267 ||| UPGRADING to -2 hat of the Alchemist {rElec rPois rF+ rC+ rN+ MR+ rMut rCorr}.
 16284 | Lair:8   | 16284 ||| UPGRADING to ring of Meytuhyo {Fire +Inv rPois rN++ Dex-3}.
 16285 | Lair:8   | 16285 ||| UPGRADING to opal ring.
 16287 | Lair:8   | 16287 ||| REMOVING ring of fire.
 16288 | Lair:8   | 16288 ||| UPGRADING to ring of Meytuhyo {Fire +Inv rPois rN++ Dex-3}.
 16289 | Lair:8   | 16289 ||| DROPPING wand of fire.
 16649 | D:10     | Entered Level 10 of the Dungeon
 16654 | D:10     | 16654 ||| STAIRDANCE
 16663 | D:10     | 16663 ||| STAIRDANCE
 16792 | D:10     | Received a gift from Trog
 17402 | D:10     | 17402 ||| READING scroll labeled BYNLIG LUOBRI.
 17403 | D:10     | 17403 ||| ZAPPING wand of heal wounds (5).
 17404 | D:10     | 17404 ||| ZAPPING wand of heal wounds (4).
 17405 | D:10     | 17405 ||| MP-RECHARGING wand of heal wounds (3).
 17406 | D:10     | 17406 ||| READING 4 scrolls of identify.
 17406 | D:10     | 17406 ||| IDENTIFYING metallic pink potion
 17407 | D:10     | 17407 ||| DROPPING potion of berserk rage.
 17534 | D:11     | Noticed endege's ghost (journeyman TeBe)
 17535 | D:11     | 17535 ||| INVOKING Brothers in Arms.
 17538 | D:11     | 17538 ||| INVOKING Berserk.
 17544 | D:11     | Killed endege's ghost
 17549 | D:11     | 17549 ||| EATING 2 royal jellies.
 17673 | D:11     | 17673 ||| ZAPPING wand of heal wounds (8).
 17674 | D:11     | 17674 ||| ZAPPING wand of heal wounds (7).
 17718 | D:11     | 17718 ||| ZAPPING wand of heal wounds (6).
 17719 | D:11     | 17719 ||| ZAPPING wand of heal wounds (5).
 17772 | D:11     | 17772 ||| READING scroll of enchant armour.
 17772 | D:11     | 17772 ||| ENCHANTING +0 plate armour.
 18105 | D:11     | Found a staircase to the Orcish Mines.
 18180 | D:11     | 18180 ||| UPGRADING to runed marble ring.
 18182 | D:11     | 18182 ||| READING 14 scrolls of remove curse.
 18183 | D:11     | 18183 ||| REMOVING ring of teleportation.
 18184 | D:11     | 18184 ||| DROPPING ring of teleportation.
 18185 | D:11     | 18185 ||| UPGRADING to ring of Meytuhyo {Fire +Inv rPois rN++ Dex-3}.
 18186 | D:11     | 18186 ||| READING scroll labeled VOLASH GOCAAP.
 18187 | D:11     | 18187 ||| DROPPING wand of digging.
 18204 | Orc:1    | Entered Level 1 of the Orcish Mines
 18205 | Orc:1    | 18205 ||| Entered O.
 18205 | Orc:1    | 18205 ||| STAIRDANCE
 18216 | Orc:1    | 18216 ||| STAIRDANCE
 18223 | Orc:1    | 18223 ||| STAIRDANCE
 18228 | D:11     | 18228 ||| DRINKING potion of heal wounds.
 18231 | Orc:1    | 18231 ||| STAIRDANCE
 18256 | Orc:1    | 18256 ||| STAIRDANCE
 18261 | Orc:1    | 18261 ||| STAIRDANCE
 18791 | Orc:3    | Found a staircase to the Elven Halls.
 19000 | Orc:3    | 19000 ||| INVOKING Trog's Hand.
 19003 | Orc:3    | 19003 ||| INVOKING Berserk.
 19381 | Orc:4    | Entered Level 4 of the Orcish Mines
 19390 | Orc:4    | Noticed Donald
 19405 | Orc:4    | Killed Donald
 19432 | Orc:4    | 19432 ||| INVOKING Trog's Hand.
 19435 | Orc:4    | 19435 ||| INVOKING Berserk.
 19440 | Orc:4    | Received a gift from Trog
 19475 | Orc:4    | 19475 ||| ZAPPING wand of teleportation (2).
 19681 | Orc:4    | 19681 ||| INVOKING Trog's Hand.
 19684 | Orc:4    | 19684 ||| INVOKING Berserk.
 19704 | Orc:4    | 19704 ||| ZAPPING wand of teleportation (1).
 19783 | Orc:4    | 19783 ||| INVOKING Trog's Hand.
 19786 | Orc:4    | Received a gift from Trog
 19787 | Orc:4    | 19787 ||| INVOKING Berserk.
 19789 | Orc:4    | Found Qeusm's Food Shoppe.
 19789 | Orc:4    | Found Zoagahak's Assorted Antiques.
 19854 | Orc:4    | Got an ichor-stained battleaxe {god gift}
 19858 | Orc:4    | 19858 ||| UPGRADING to ichor-stained battleaxe {god gift}.
 19858 | Orc:4    | Identified the +12 battleaxe "Peleplau" {chop, rElec} (Trog gifted it to you on level 4 of the Orcish Mines)
 19859 | Orc:4    | 19859 ||| REMOVING ring of Meytuhyo {Fire +Inv rPois rN++ Dex-3}.
 19860 | Orc:4    | 19860 ||| UPGRADING to +11 battleaxe "Sarcophage" {elec, rPois rC+ Stlth+}.
 19870 | Orc:4    | Bought a bread ration for 50 gold pieces
 19870 | Orc:4    | Bought 3 fruits for 45 gold pieces
 19870 | Orc:4    | Bought a bread ration for 50 gold pieces
 19870 | Orc:4    | Bought a beef jerky for 15 gold pieces
 19870 | Orc:4    | Bought a slice of pizza for 15 gold pieces
 19870 | Orc:4    | Bought 3 fruits for 45 gold pieces
 19870 | Orc:4    | Bought a bread ration for 50 gold pieces
 19870 | Orc:4    | Bought a beef jerky for 15 gold pieces
 19870 | Orc:4    | Bought a bread ration for 50 gold pieces
 19870 | Orc:4    | Bought a slice of pizza for 15 gold pieces
 19917 | Orc:4    | Bought a glowing helmet for 108 gold pieces
 19917 | Orc:4    | Bought a potion of heal wounds for 120 gold pieces
 19917 | Orc:4    | Bought a moonstone ring for 120 gold pieces
 19917 | Orc:4    | Bought a shiny chain mail for 108 gold pieces
 19917 | Orc:4    | Bought a scroll labeled ZUDOUTI UMEAPP for 24 gold pieces
 19930 | Orc:4    | Found a roughly hewn altar of Beogh.
 19954 | Orc:4    | Found Zusiteu's Book Boutique.
 19955 | Orc:4    | 19955 ||| INVOKING Trog's Hand.
 19961 | Orc:4    | 19961 ||| INVOKING Berserk.
 20028 | Orc:4    | Found Miosch's Weapon Shoppe.
 20029 | Orc:4    | 20029 ||| INVOKING Trog's Hand.
 20031 | Orc:4    | 20031 ||| INVOKING Berserk.
 20308 | Orc:4    | 20308 ||| INVOKING Trog's Hand.
 20311 | Orc:4    | 20311 ||| INVOKING Berserk.
 20557 | Orc:4    | 20557 ||| UPGRADING to shiny chain mail.
 20567 | Orc:4    | 20567 ||| UPGRADING to glowing helmet.
 20580 | Orc:4    | 20580 ||| UPGRADING to -2 hat of the Alchemist {rElec rPois rF+ rC+ rN+ MR+ rMut rCorr}.
 20590 | Orc:4    | 20590 ||| UPGRADING to +1 plate armour.
 20600 | Orc:4    | 20600 ||| DROPPING +2 chain mail of positive energy.
 20601 | Orc:4    | 20601 ||| DROPPING +0 helmet.
 20602 | Orc:4    | 20602 ||| UPGRADING to shiny chain mail.
 20612 | Orc:4    | 20612 ||| UPGRADING to ring of Meytuhyo {Fire +Inv rPois rN++ Dex-3}.
 20613 | Orc:4    | 20613 ||| UPGRADING to moonstone ring.
 20615 | Orc:4    | 20615 ||| READING scroll labeled ZUDOUTI UMEAPP.
 20806 | D:12     | Found Doydyc's Weapon Shop.
 21055 | D:12     | Found a large runed door.
 21055 | D:12     | Found a large runed door.
 21084 | D:12     | Found a large runed door.
 21084 | D:12     | Found a large runed door.
 21456 | D:12     | 21456 ||| UPGRADING to glowing cloak.
 21466 | D:12     | 21466 ||| UPGRADING to +2 cloak.
 21596 | D:13     | 21596 ||| INVOKING Berserk.
 21654 | D:14     | 21654 ||| STAIRDANCE
 21665 | D:14     | 21665 ||| STAIRDANCE
 21682 | D:14     | 21682 ||| STAIRDANCE
 21689 | D:13     | 21689 ||| INVOKING Trog's Hand.
 21748 | D:14     | Found a gate to the Vaults.
 21754 | D:14     | Received a gift from Trog
 21773 | D:14     | 21773 ||| INVOKING Trog's Hand.
 21814 | D:14     | 21814 ||| UPGRADING to runed executioner's axe {god gift}.
 21815 | D:14     | 21815 ||| UPGRADING to +12 battleaxe "Peleplau" {chop, rElec}.
 21816 | D:14     | 21816 ||| DROPPING +3 antimagic executioner's axe.
 21817 | D:14     | 21817 ||| UPGRADING to +11 battleaxe "Sarcophage" {elec, rPois rC+ Stlth+}.
 21917 | D:14     | Reached skill level 12 in Dodging
 22011 | D:14     | Found Nihocri's Assorted Antiques.
 22017 | D:14     | Reached skill level 12 in Armour
 22027 | D:14     | Bought a scroll of enchant armour for 240 gold pieces
 22027 | D:14     | Bought a potion of might for 128 gold pieces
 22027 | D:14     | Bought a scroll of remove curse for 96 gold pieces
 22033 | D:14     | Reached XP level 16. HP: 146/152 MP: 10/10
 22036 | D:14     | Reached skill level 12 in Fighting
 22178 | D:14     | 22178 ||| INVOKING Trog's Hand.
 22362 | D:14     | Found a sparkling altar of Nemelex Xobeh.
 22515 | D:14     | 22515 ||| READING 8 scrolls of identify.
 22515 | D:14     | 22515 ||| IDENTIFYING ruby potion
 22516 | D:14     | 22516 ||| DRINKING potion of beneficial mutation.
 22516 | D:14     | Gained mutation: Your muscles are strong. (Str +2) [potion of beneficial mutation]
 22535 | D:15     | Entered Level 15 of the Dungeon
 22694 | D:15     | 22694 ||| INVOKING Brothers in Arms.
 22696 | D:15     | 22696 ||| INVOKING Berserk.
 22966 | D:15     | 22966 ||| INVOKING Brothers in Arms.
 22976 | D:15     | 22976 ||| DRINKING potion of heal wounds.
 22981 | D:15     | 22981 ||| EATING royal jelly.
 23064 | D:15     | 23064 ||| ZAPPING wand of heal wounds (4).
 23065 | D:15     | 23065 ||| MP-RECHARGING wand of heal wounds (3).
 23301 | D:15     | 23301 ||| INVOKING Berserk.
 23336 | D:15     | Found a staircase to the Depths.
 23357 | D:15     | 23357 ||| READING 9 scrolls of identify.
 23357 | D:15     | 23357 ||| IDENTIFYING bubbling blue potion
 23358 | D:15     | 23358 ||| DROPPING potion of magic.
 23737 | Lair:4   | 23737 ||| STAIRDANCE
 23791 | Lair:5   | 23791 ||| STAIRDANCE
 23909 | Lair:5   | 23909 ||| EATING 8 beef jerkies.
 23947 | Snake:1  | Entered Level 1 of the Snake Pit
 23948 | Snake:1  | 23948 ||| Entered P.
 23967 | Snake:1  | 23967 ||| INVOKING Trog's Hand.
 24189 | Snake:1  | 24189 ||| INVOKING Trog's Hand.
 24529 | Snake:1  | 24529 ||| INVOKING Berserk.
 24539 | Snake:1  | 24539 ||| INVOKING Trog's Hand.
 24671 | Snake:1  | 24671 ||| UPGRADING to large golden amulet.
 24672 | Snake:1  | 24672 ||| READING 14 scrolls of remove curse.
 24673 | Snake:1  | 24673 ||| REMOVING amulet of inaccuracy.
 24674 | Snake:1  | 24674 ||| DROPPING amulet of inaccuracy.
 24675 | Snake:1  | 24675 ||| READING scroll labeled IBADWADEWN.
 24693 | Snake:2  | 24693 ||| STAIRDANCE
 24759 | Snake:2  | 24759 ||| INVOKING Berserk.
 24787 | Snake:2  | 24787 ||| READING 4 scrolls of teleportation.
 24789 | Snake:2  | 24789 ||| EATING 7 beef jerkies.
 24790 | Snake:2  | 24790 ||| INVOKING Trog's Hand.
 24831 | Snake:2  | 24831 ||| INVOKING Berserk.
 24848 | Snake:2  | 24848 ||| READING 3 scrolls of teleportation.
 24852 | Snake:2  | 24852 ||| EATING 6 beef jerkies.
 24853 | Snake:2  | 24853 ||| INVOKING Trog's Hand.
 24874 | Snake:2  | 24874 ||| INVOKING Trog's Hand.
 24881 | Snake:2  | 24881 ||| INVOKING Berserk.
 24885 | Snake:2  | Received a gift from Trog
 24889 | Snake:2  | 24889 ||| EATING 5 beef jerkies.
 24938 | Snake:2  | 24938 ||| READING 2 scrolls of recharging.
 24938 | Snake:2  | 24938 ||| RECHARGING wand of teleportation (0).
 24984 | Snake:2  | Noticed Raultor's ghost (adept VSAs)
 24985 | Snake:2  | 24985 ||| INVOKING Brothers in Arms.
 24993 | Snake:2  | Killed Raultor's ghost
 24994 | Snake:2  | 24994 ||| EATING 4 beef jerkies.
 25026 | Snake:2  | Found Huzohets's Assorted Antiques.
 25034 | Snake:2  | Bought a scroll labeled VATUXK FINUR for 36 gold pieces
 25034 | Snake:2  | Bought a potion of might for 144 gold pieces
 25083 | Snake:2  | 25083 ||| Stepping ~*~*~tactically~*~*~ (water).
 25085 | Snake:2  | 25085 ||| Stepping ~*~*~tactically~*~*~ (water).
 25102 | Snake:2  | 25102 ||| INVOKING Berserk.
 25155 | Snake:2  | 25155 ||| EATING 3 beef jerkies.
 25190 | Snake:2  | 25190 ||| Stepping ~*~*~tactically~*~*~ (water).
 25419 | Snake:2  | 25419 ||| INVOKING Berserk.
 25515 | Snake:2  | 25515 ||| UPGRADING to pair of glowing gloves.
 25525 | Snake:2  | 25525 ||| UPGRADING to +2 pair of gloves.
 25535 | Snake:2  | 25535 ||| DROPPING +1 pair of gloves.
 25536 | Snake:2  | 25536 ||| UPGRADING to dented silver amulet.
 25537 | Snake:2  | 25537 ||| READING scroll labeled VATUXK FINUR.
 25593 | Snake:3  | 25593 ||| INVOKING Berserk.
 25670 | Snake:3  | 25670 ||| DRINKING potion of heal wounds.
 25753 | Snake:3  | 25753 ||| INVOKING Berserk.
 25766 | Snake:3  | 25766 ||| EATING 2 beef jerkies.
 25950 | Snake:3  | 25950 ||| INVOKING Berserk.
 25964 | Snake:3  | 25964 ||| ZAPPING wand of teleportation (6).
 25967 | Snake:3  | 25967 ||| ZAPPING wand of heal wounds (8).
 25968 | Snake:3  | 25968 ||| EATING beef jerky.
 26184 | Snake:3  | 26184 ||| EATING 4 slices of pizza.
 26367 | Snake:3  | 26367 ||| ZAPPING wand of heal wounds (7).
 26403 | Snake:3  | 26403 ||| UPGRADING to lumpy ivory amulet.
 26405 | Snake:3  | 26405 ||| REMOVING amulet of stasis.
 26406 | Snake:3  | 26406 ||| DROPPING amulet of stasis.
 26407 | Snake:3  | 26407 ||| UPGRADING to amulet of warding.
 26427 | Snake:4  | Entered Level 4 of the Snake Pit
 26433 | Snake:4  | Reached XP level 17. HP: 162/165 MP: 10/10
 26445 | Snake:4  | Received a gift from Trog
 26447 | Snake:4  | 26447 ||| INVOKING Berserk.
 26475 | Snake:4  | 26475 ||| ZAPPING wand of teleportation (5).
 26476 | Snake:4  | 26476 ||| ZAPPING wand of heal wounds (6).
 26477 | Snake:4  | 26477 ||| ZAPPING wand of heal wounds (5).
 26484 | Snake:4  | 26484 ||| INVOKING Trog's Hand.
 26496 | Snake:4  | 26496 ||| ZAPPING wand of heal wounds (4).
 26497 | Snake:4  | 26497 ||| READING scroll of recharging.
 26497 | Snake:4  | 26497 ||| RECHARGING wand of heal wounds (3).
 26546 | Snake:4  | 26546 ||| INVOKING Berserk.
 26569 | Snake:4  | 26569 ||| ZAPPING wand of teleportation (4).
 26570 | Snake:4  | 26570 ||| ZAPPING wand of heal wounds (6).
 26581 | Snake:4  | 26581 ||| ZAPPING wand of teleportation (3).
 26582 | Snake:4  | 26582 ||| ZAPPING wand of heal wounds (5).
 26583 | Snake:4  | 26583 ||| ZAPPING wand of heal wounds (4).
 26586 | Snake:4  | 26586 ||| MP-RECHARGING wand of heal wounds (3).
 26587 | Snake:4  | 26587 ||| DRINKING 6 potions of curing.
 26587 | Snake:4  | 26587 ||| (to cure poison)
 26588 | Snake:4  | 26588 ||| EATING 3 slices of pizza.
 26589 | Snake:4  | 26589 ||| INVOKING Trog's Hand.
 26632 | Snake:4  | 26632 ||| ZAPPING wand of heal wounds (8).
 26650 | Snake:4  | 26650 ||| INVOKING Berserk.
 26658 | Snake:4  | 26658 ||| EATING 2 slices of pizza.
 26664 | Snake:4  | 26664 ||| ZAPPING wand of teleportation (2).
 26718 | Snake:4  | 26718 ||| INVOKING Berserk.
 26726 | Snake:4  | 26726 ||| INVOKING Trog's Hand.
 26729 | Snake:4  | 26729 ||| ZAPPING wand of heal wounds (7).
 26739 | Snake:4  | 26739 ||| EATING slice of pizza.
 26790 | Snake:4  | Received a gift from Trog
 26811 | Snake:4  | 26811 ||| INVOKING Berserk.
 26831 | Snake:4  | 26831 ||| ZAPPING wand of teleportation (1).
 26861 | Snake:4  | 26861 ||| EATING 34 fruits.
 26959 | Snake:4  | 26959 ||| INVOKING Berserk.
 26970 | Snake:4  | 26970 ||| EATING 33 fruits.
 26971 | Snake:4  | 26971 ||| INVOKING Trog's Hand.
 26985 | Snake:4  | 26985 ||| ZAPPING wand of heal wounds (6).
 26998 | Snake:4  | 26998 ||| EATING 32 fruits.
 27101 | Snake:4  | 27101 ||| INVOKING Berserk.
 27179 | Snake:4  | 27179 ||| INVOKING Berserk.
 27200 | Snake:4  | 27200 ||| READING 3 scrolls of teleportation.
 27219 | Snake:4  | 27219 ||| ZAPPING wand of heal wounds (5).
 27220 | Snake:4  | 27220 ||| ZAPPING wand of heal wounds (4).
 27221 | Snake:4  | 27221 ||| MP-RECHARGING wand of heal wounds (3).
 27222 | Snake:4  | 27222 ||| EATING 31 fruits.
 27223 | Snake:4  | 27223 ||| EATING 30 fruits.
 27310 | Snake:4  | 27310 ||| INVOKING Berserk.
 27371 | Snake:4  | 27371 ||| INVOKING Berserk.
 27441 | Snake:4  | Got a bloodstained battleaxe {god gift}
 27442 | Snake:4  | 27442 ||| UPGRADING to bloodstained battleaxe {god gift}.
 27442 | Snake:4  | Identified the +10 battleaxe "Kuhosore" {holy, *Noise Str+7 Int+6} (Trog gifted it to you on level 4 of the Snake Pit)
 27443 | Snake:4  | 27443 ||| UPGRADING to +12 battleaxe "Peleplau" {chop, rElec}.
 27444 | Snake:4  | 27444 ||| DROPPING +10 battleaxe "Kuhosore" {holy, *Noise Str+7 Int+6}.
 27445 | Snake:4  | 27445 ||| UPGRADING to +11 battleaxe "Sarcophage" {elec, rPois rC+ Stlth+}.
 27458 | Snake:4  | 27458 ||| INVOKING Berserk.
 27482 | Snake:4  | 27482 ||| EATING 29 fruits.
 27483 | Snake:4  | 27483 ||| INVOKING Trog's Hand.
 27558 | Snake:4  | Got a serpentine rune of Zot
 27614 | Snake:4  | 27614 ||| EATING 28 fruits.
 27887 | Snake:4  | 27887 ||| EATING 27 fruits.
 28002 | Snake:4  | 28002 ||| INVOKING Berserk.
 28026 | Snake:4  | 28026 ||| EATING 26 fruits.
 28027 | Snake:4  | 28027 ||| INVOKING Trog's Hand.
 28043 | Snake:4  | 28043 ||| EATING 25 fruits.
 28076 | Snake:4  | 28076 ||| UPGRADING to knobbly coral ring.
 28078 | Snake:4  | 28078 ||| UPGRADING to +4 ring of evasion.
 28080 | Snake:4  | 28080 ||| DROPPING wand of cold.
 28291 | D:10     | 28291 ||| EATING 24 fruits.
 28569 | D:13     | 28569 ||| EATING 23 fruits.
 28748 | D:13     | Reached skill level 15 in Dodging
 28749 | D:13     | 28749 ||| INVOKING Trog's Hand.
 28871 | D:13     | 28871 ||| INVOKING Trog's Hand.
 29086 | D:13     | Reached skill level 15 in Armour
 29171 | D:13     | Reached skill level 15 in Fighting
 29180 | D:13     | Received a gift from Trog
 29273 | D:13     | You fall through a shaft for 2 floors!
 29274 | D:15     | 29274 ||| Shafted from D:13 to D:15.
 29319 | D:13     | 29319 ||| Successfully unshafted to D:13.
 29463 | D:13     | 29463 ||| READING 10 scrolls of identify.
 29463 | D:13     | 29463 ||| IDENTIFYING wand of teleportation
 29464 | D:13     | 29464 ||| READING 9 scrolls of identify.
 29464 | D:13     | 29464 ||| IDENTIFYING wand of teleportation
 29465 | D:13     | 29465 ||| DROPPING wand of teleportation (0).
 29611 | Vaults:1 | Entered Level 1 of the Vaults
 29612 | Vaults:1 | 29612 ||| Entered V.
 29815 | Vaults:1 | Gained mutation: You passively map a large area around you. [Deep Dwarf growth]
 29815 | Vaults:1 | Reached XP level 18. HP: 151/178 MP: 9/9
 29975 | Vaults:1 | 29975 ||| INVOKING Trog's Hand.
 30032 | Vaults:1 | 30032 ||| INVOKING Berserk.
 30214 | Vaults:1 | 30214 ||| INVOKING Trog's Hand.
 30491 | Vaults:1 | 30491 ||| EATING 22 fruits.
 30608 | Vaults:1 | 30608 ||| INVOKING Trog's Hand.
 30687 | Vaults:1 | 30687 ||| INVOKING Trog's Hand.
 30890 | Vaults:1 | 30890 ||| INVOKING Trog's Hand.
 31233 | Vaults:2 | 31233 ||| INVOKING Trog's Hand.
 31372 | Vaults:2 | 31372 ||| INVOKING Trog's Hand.
 31493 | Vaults:2 | Found a staircase to the Crypt.
 31541 | Vaults:2 | 31541 ||| INVOKING Trog's Hand.
 31595 | Vaults:2 | 31595 ||| INVOKING Trog's Hand.
 31627 | Vaults:2 | Received a gift from Trog
 31631 | Vaults:2 | 31631 ||| UPGRADING to runed battleaxe {god gift}.
 31632 | Vaults:2 | 31632 ||| UPGRADING to +12 battleaxe "Peleplau" {chop, rElec}.
 31636 | Vaults:2 | 31636 ||| UPGRADING to +11 battleaxe "Sarcophage" {elec, rPois rC+ Stlth+}.
 31637 | Vaults:2 | 31637 ||| DROPPING +3 antimagic battleaxe.
 31698 | Vaults:2 | Noticed a lich
 31699 | Vaults:2 | 31699 ||| INVOKING Trog's Hand.
 31700 | Vaults:2 | 31700 ||| INVOKING Brothers in Arms.
 31701 | Vaults:2 | 31701 ||| INVOKING Berserk.
 31706 | Vaults:2 | Killed a lich
 32005 | Vaults:2 | 32005 ||| Stepping randomly (disturbance).
 32006 | Vaults:2 | 32006 ||| Stepping randomly (disturbance).
 32023 | Vaults:2 | 32023 ||| INVOKING Berserk.
 32067 | Vaults:2 | 32067 ||| ZAPPING wand of heal wounds (7).
 32350 | Vaults:2 | Received a gift from Trog
 32351 | Vaults:2 | 32351 ||| INVOKING Trog's Hand.
 32443 | Vaults:2 | 32443 ||| ZAPPING wand of heal wounds (6).
 32513 | Vaults:2 | 32513 ||| ZAPPING wand of heal wounds (5).
 32514 | Vaults:2 | 32514 ||| ZAPPING wand of heal wounds (4).
 32518 | Vaults:2 | 32518 ||| MP-RECHARGING wand of heal wounds (3).
 32532 | Vaults:2 | 32532 ||| INVOKING Trog's Hand.
 32561 | Vaults:2 | 32561 ||| ZAPPING wand of heal wounds (9).
 32974 | Vaults:3 | 32974 ||| INVOKING Trog's Hand.
 33018 | Vaults:3 | Reached XP level 19. HP: 190/190 MP: 9/9
 33121 | Vaults:3 | Received a gift from Trog
 33298 | Vaults:3 | 33298 ||| INVOKING Trog's Hand.
 33362 | Vaults:3 | 33362 ||| INVOKING Brothers in Arms.
 33363 | Vaults:3 | 33363 ||| INVOKING Berserk.
 33536 | Vaults:3 | 33536 ||| INVOKING Trog's Hand.
 33738 | Vaults:3 | 33738 ||| INVOKING Trog's Hand.
 33757 | Vaults:3 | 33757 ||| INVOKING Brothers in Arms.
 33761 | Vaults:3 | 33761 ||| INVOKING Berserk.
 33862 | Vaults:3 | 33862 ||| ZAPPING wand of heal wounds (8).
 33911 | Vaults:3 | 33911 ||| INVOKING Trog's Hand.
 33998 | Vaults:3 | 33998 ||| ZAPPING wand of heal wounds (7).
 34061 | Vaults:3 | 34061 ||| UPGRADING to twisted cabochon ring.
 34063 | Vaults:3 | 34063 ||| READING 19 scrolls of remove curse.
 34064 | Vaults:3 | 34064 ||| REMOVING ring of loudness.
 34065 | Vaults:3 | 34065 ||| UPGRADING to ring of protection from cold.
 34066 | Vaults:3 | 34066 ||| DROPPING ring of loudness.
 34067 | Vaults:3 | 34067 ||| UPGRADING to +4 ring of evasion.
 34100 | Vaults:4 | Received a gift from Trog
 34119 | Vaults:4 | 34119 ||| UPGRADING to glowing executioner's axe {god gift}.
 34120 | Vaults:4 | 34120 ||| UPGRADING to +12 battleaxe "Peleplau" {chop, rElec}.
 34120 | Vaults:4 | Cast into the Abyss (a distortion unwield)
 34121 | Abyss:1  | 34121 ||| UPGRADING to +11 battleaxe "Sarcophage" {elec, rPois rC+ Stlth+}.
 34122 | Abyss:1  | 34122 ||| DROPPING +3 executioner's axe of distortion.
 34373 | Vaults:4 | Escaped the Abyss
 34397 | Vaults:4 | 34397 ||| INVOKING Trog's Hand.
 34494 | Vaults:4 | 34494 ||| INVOKING Berserk.
 34547 | Vaults:4 | 34547 ||| INVOKING Trog's Hand.
 34549 | Vaults:4 | 34549 ||| INVOKING Brothers in Arms.
 34555 | Vaults:4 | 34555 ||| INVOKING Berserk.
 34686 | Vaults:4 | 34686 ||| INVOKING Trog's Hand.
 34706 | Vaults:4 | 34706 ||| INVOKING Berserk.
 34708 | Vaults:4 | Received a gift from Trog
 34754 | Vaults:4 | 34754 ||| UPGRADING to runed battleaxe {god gift}.
 34755 | Vaults:4 | 34755 ||| UPGRADING to +12 battleaxe "Peleplau" {chop, rElec}.
 34756 | Vaults:4 | 34756 ||| UPGRADING to +11 battleaxe "Sarcophage" {elec, rPois rC+ Stlth+}.
 34757 | Vaults:4 | 34757 ||| DROPPING +1 antimagic battleaxe.
 34803 | Vaults:4 | 34803 ||| INVOKING Berserk.
 34812 | Vaults:4 | 34812 ||| ZAPPING wand of heal wounds (6).
 34902 | Vaults:4 | 34902 ||| ZAPPING wand of heal wounds (5).
 34903 | Vaults:4 | 34903 ||| ZAPPING wand of heal wounds (4).
 34904 | Vaults:4 | 34904 ||| MP-RECHARGING wand of heal wounds (3).
 34932 | Vaults:4 | 34932 ||| INVOKING Trog's Hand.
 35113 | Vaults:4 | 35113 ||| ZAPPING wand of heal wounds (7).
 35114 | Vaults:4 | 35114 ||| ZAPPING wand of heal wounds (6).
 35135 | Vaults:4 | 35135 ||| INVOKING Trog's Hand.
 35198 | Vaults:4 | 35198 ||| INVOKING Berserk.
 35381 | Vaults:4 | Reached XP level 20. HP: 152/204 MP: 9/9
 35382 | Vaults:4 | 35382 ||| ZAPPING wand of heal wounds (5).
 35637 | Vaults:4 | 35637 ||| INVOKING Trog's Hand.
 35714 | Vaults:4 | 35714 ||| INVOKING Trog's Hand.
 35753 | Vaults:4 | 35753 ||| UPGRADING to pair of embroidered boots.
 35763 | Vaults:4 | 35763 ||| DROPPING +2 pair of boots.
 35764 | Vaults:4 | 35764 ||| READING 4 scrolls of enchant armour.
 35764 | Vaults:4 | 35764 ||| ENCHANTING +0 pair of boots of flying.
 35765 | Vaults:4 | 35765 ||| READING 3 scrolls of enchant armour.
 35765 | Vaults:4 | 35765 ||| ENCHANTING +1 pair of boots of flying.
 36142 | D:12     | 36142 ||| INVOKING Trog's Hand.
 36567 | Swamp:1  | Entered Level 1 of the Swamp
 36568 | Swamp:1  | 36568 ||| Entered S.
 36595 | Swamp:1  | Noticed Josephine
 36603 | Swamp:1  | Killed Josephine
 36603 | Swamp:1  | Reached skill level 18 in Dodging
 36614 | Swamp:1  | Noticed Nikola
 36626 | Swamp:1  | Killed Nikola
 36626 | Swamp:1  | Reached skill level 18 in Armour
 36769 | Swamp:1  | Reached skill level 18 in Fighting
 36802 | Swamp:1  | 36802 ||| INVOKING Trog's Hand.
 36864 | Swamp:1  | 36864 ||| READING scroll of recharging.
 36864 | Swamp:1  | 36864 ||| RECHARGING wand of teleportation (3).
 37271 | Swamp:1  | 37271 ||| Stepping randomly (disturbance).
 37273 | Swamp:1  | 37273 ||| Stepping randomly (disturbance).
 37278 | Swamp:1  | 37278 ||| INVOKING Trog's Hand.
 37352 | Swamp:1  | 37352 ||| UPGRADING to agate ring.
 37354 | Swamp:1  | 37354 ||| REMOVING +4 ring of intelligence.
 37355 | Swamp:1  | 37355 ||| UPGRADING to ring of protection from cold.
 37356 | Swamp:1  | 37356 ||| DROPPING +4 ring of intelligence.
 37357 | Swamp:1  | 37357 ||| UPGRADING to +4 ring of evasion.
 37391 | Swamp:2  | 37391 ||| STAIRDANCE
 37396 | Swamp:1  | 37396 ||| ZAPPING wand of heal wounds (4).
 37397 | Swamp:1  | 37397 ||| ZAPPING wand of heal wounds (3).
 37398 | Swamp:1  | 37398 ||| ZAPPING wand of heal wounds (2).
 37399 | Swamp:1  | 37399 ||| MP-RECHARGING wand of heal wounds (1).
 37453 | Swamp:2  | 37453 ||| EATING 21 fruits.
 37455 | Swamp:2  | Noticed Aizul
 37455 | Swamp:2  | 37455 ||| INVOKING Trog's Hand.
 37465 | Swamp:2  | Killed Aizul
 37560 | Swamp:2  | 37560 ||| INVOKING Trog's Hand.
 37595 | Swamp:2  | 37595 ||| EATING 20 fruits.
 37822 | Swamp:2  | Received a gift from Trog
 37827 | Swamp:2  | 37827 ||| UPGRADING to glowing battleaxe {god gift}.
 37828 | Swamp:2  | 37828 ||| UPGRADING to +12 battleaxe "Peleplau" {chop, rElec}.
 37829 | Swamp:2  | 37829 ||| UPGRADING to +11 battleaxe "Sarcophage" {elec, rPois rC+ Stlth+}.
 37830 | Swamp:2  | 37830 ||| DROPPING +2 battleaxe of venom.
 37975 | Swamp:2  | You are sucked into a shaft!
 37977 | Swamp:3  | 37977 ||| Shafted from Swamp:2 to Swamp:3.
 37998 | Swamp:3  | 37998 ||| INVOKING Trog's Hand.
 38074 | Swamp:2  | 38074 ||| Successfully unshafted to Swamp:2.
 38203 | Swamp:3  | 38203 ||| Stepping randomly (disturbance).
 38204 | Swamp:3  | 38204 ||| Stepping randomly (disturbance).
 38205 | Swamp:3  | 38205 ||| Stepping randomly (disturbance).
 38206 | Swamp:3  | 38206 ||| Stepping randomly (disturbance).
 38209 | Swamp:3  | 38209 ||| Stepping randomly (disturbance).
 38215 | Swamp:3  | 38215 ||| Stepping randomly (disturbance).
 38219 | Swamp:3  | 38219 ||| Stepping randomly (disturbance).
 38269 | Swamp:3  | 38269 ||| INVOKING Trog's Hand.
 38341 | Swamp:3  | Noticed Mara
 38342 | Swamp:3  | 38342 ||| INVOKING Brothers in Arms.
 38343 | Swamp:3  | 38343 ||| INVOKING Berserk.
 38348 | Swamp:3  | Killed Mara
 38352 | Swamp:3  | 38352 ||| EATING 19 fruits.
 38403 | Swamp:3  | 38403 ||| Stepping ~*~*~tactically~*~*~ (cloud).
 38448 | Swamp:3  | 38448 ||| Stepping randomly (disturbance).
 38449 | Swamp:3  | 38449 ||| Stepping randomly (disturbance).
 38610 | Swamp:3  | 38610 ||| DRINKING potion of heal wounds.
 38777 | Swamp:3  | 38777 ||| UPGRADING to dented peridot amulet.
 38779 | Swamp:3  | 38779 ||| REMOVING amulet of resist corrosion.
 38780 | Swamp:3  | 38780 ||| UPGRADING to amulet of warding.
 38799 | Swamp:4  | Entered Level 4 of the Swamp
 38844 | Swamp:4  | 38844 ||| DRINKING potion of heal wounds.
 38850 | Swamp:4  | 38850 ||| ZAPPING wand of heal wounds (5).
 38851 | Swamp:4  | 38851 ||| ZAPPING wand of heal wounds (4).
 38852 | Swamp:4  | 38852 ||| MP-RECHARGING wand of heal wounds (3).
 38873 | Swamp:4  | Received a gift from Trog
 38892 | Swamp:4  | 38892 ||| ZAPPING wand of heal wounds (8).
 38902 | Swamp:4  | 38902 ||| Stepping randomly (disturbance).
 38937 | Swamp:4  | Got a decaying rune of Zot
 38969 | Swamp:4  | 38969 ||| Stepping randomly (disturbance).
 39031 | Swamp:4  | 39031 ||| Stepping randomly (disturbance).
 39032 | Swamp:4  | 39032 ||| Stepping randomly (disturbance).
 39033 | Swamp:4  | 39033 ||| Stepping randomly (disturbance).
 39055 | Swamp:4  | 39055 ||| ZAPPING wand of heal wounds (7).
 39066 | Swamp:4  | 39066 ||| Stepping randomly (disturbance).
 39067 | Swamp:4  | 39067 ||| Stepping randomly (disturbance).
 39068 | Swamp:4  | 39068 ||| Stepping randomly (disturbance).
 39205 | Swamp:4  | 39205 ||| ZAPPING wand of teleportation (4).
 39211 | Swamp:4  | 39211 ||| Stepping randomly (disturbance).
 39318 | Swamp:1  | 39318 ||| READING scroll of recharging.
 39318 | Swamp:1  | 39318 ||| RECHARGING wand of teleportation (3).
 39718 | Depths:1 | Entered Level 1 of the Depths
 39719 | Depths:1 | 39719 ||| Entered U.
 39772 | Depths:1 | 39772 ||| INVOKING Trog's Hand.
 39774 | Depths:1 | 39774 ||| EATING 18 fruits.
 39816 | Depths:1 | 39816 ||| ZAPPING wand of heal wounds (6).
 39859 | Depths:1 | 39859 ||| ZAPPING wand of heal wounds (5).
 39956 | Depths:1 | 39956 ||| INVOKING Trog's Hand.
 39957 | Depths:1 | 39957 ||| EATING 17 fruits.
 39985 | Depths:1 | 39985 ||| INVOKING Trog's Hand.
 40075 | Depths:1 | 40075 ||| INVOKING Trog's Hand.
 40091 | Depths:1 | Reached XP level 21. HP: 183/214 MP: 8/8
 40128 | Depths:1 | 40128 ||| INVOKING Trog's Hand.
 40190 | Depths:1 | 40190 ||| INVOKING Trog's Hand.
 40295 | Depths:1 | Received a gift from Trog
 40296 | Depths:1 | 40296 ||| INVOKING Trog's Hand.
 40327 | Depths:1 | 40327 ||| UPGRADING to runed battleaxe {god gift}.
 40328 | Depths:1 | 40328 ||| UPGRADING to +12 battleaxe "Peleplau" {chop, rElec}.
 40329 | Depths:1 | 40329 ||| UPGRADING to +11 battleaxe "Sarcophage" {elec, rPois rC+ Stlth+}.
 40330 | Depths:1 | 40330 ||| DROPPING +2 battleaxe of chopping.
 40358 | Depths:1 | 40358 ||| INVOKING Trog's Hand.
 40449 | Depths:1 | Found Pepnistrant's Assorted Antiques.
 40458 | Depths:1 | Bought a steaming chain mail for 228 gold pieces
 40468 | Depths:1 | 40468 ||| INVOKING Trog's Hand.
 40519 | Depths:1 | 40519 ||| INVOKING Trog's Hand.
 40613 | Depths:1 | 40613 ||| UPGRADING to steaming chain mail.
 40623 | Depths:1 | Identified the +1 chain mail "Qemer" {rC+ Dex+6 SInv} (You bought it in a shop on level 1 of the Depths)
 40623 | Depths:1 | 40623 ||| UPGRADING to glowing chain mail.
 40633 | Depths:1 | 40633 ||| UPGRADING to +1 plate armour.
 40643 | Depths:1 | 40643 ||| UPGRADING to +4 chain mail of fire resistance.
 40653 | Depths:1 | 40653 ||| UPGRADING to +1 chain mail "Qemer" {rC+ Dex+6 SInv}.
 40663 | Depths:1 | 40663 ||| DROPPING +3 chain mail.
 40664 | Depths:1 | 40664 ||| UPGRADING to ring of Meytuhyo {Fire +Inv rPois rN++ Dex-3}.
 40666 | Depths:1 | 40666 ||| DROPPING javelin.
 40667 | Depths:1 | 40667 ||| DROPPING 7 javelins of returning.
 40668 | Depths:1 | 40668 ||| DROPPING wand of random effects.
 40830 | Depths:2 | 40830 ||| ZAPPING wand of heal wounds (4).
 40831 | Depths:2 | 40831 ||| READING scroll of recharging.
 40831 | Depths:2 | 40831 ||| RECHARGING wand of heal wounds (3).
 40899 | Depths:2 | 40899 ||| INVOKING Trog's Hand.
 40924 | Depths:2 | 40924 ||| ZAPPING wand of heal wounds (5).
 40928 | Depths:2 | 40928 ||| ZAPPING wand of heal wounds (4).
 40930 | Depths:2 | 40930 ||| INVOKING Trog's Hand.
 40937 | Depths:2 | 40937 ||| MP-RECHARGING wand of heal wounds (3).
 40974 | Depths:2 | 40974 ||| ZAPPING wand of heal wounds (6).
 40975 | Depths:2 | 40975 ||| ZAPPING wand of heal wounds (5).
 41023 | Depths:2 | Got a wavering bone amulet
 41144 | Depths:2 | 41144 ||| INVOKING Trog's Hand.
 41160 | Depths:2 | 41160 ||| ZAPPING wand of heal wounds (4).
 41161 | Depths:2 | 41161 ||| ZAPPING wand of heal wounds (3).
 41163 | Depths:2 | 41163 ||| ZAPPING wand of heal wounds (2).
 41164 | Depths:2 | 41164 ||| ZAPPING wand of heal wounds (1).
 41165 | Depths:2 | 41165 ||| MP-RECHARGING wand of heal wounds (0).
 41166 | Depths:2 | 41166 ||| ZAPPING wand of heal wounds (1).
 41167 | Depths:2 | 41167 ||| MP-RECHARGING wand of heal wounds (0).
 41168 | Depths:2 | 41168 ||| ZAPPING wand of heal wounds (5).
 41169 | Depths:2 | 41169 ||| ZAPPING wand of heal wounds (4).
 41170 | Depths:2 | 41170 ||| ZAPPING wand of teleportation (6).
 41171 | Depths:2 | 41171 ||| ZAPPING wand of heal wounds (3).
 41172 | Depths:2 | 41172 ||| ZAPPING wand of heal wounds (2).
 41173 | Depths:2 | 41173 ||| MP-RECHARGING wand of heal wounds (1).
 41179 | Depths:2 | 41179 ||| ZAPPING wand of heal wounds (5).
 41180 | Depths:2 | 41180 ||| ZAPPING wand of heal wounds (4).
 41181 | Depths:2 | 41181 ||| ZAPPING wand of heal wounds (3).
 41182 | Depths:2 | 41182 ||| MP-RECHARGING wand of heal wounds (2).
 41242 | Depths:2 | 41242 ||| INVOKING Brothers in Arms.
 41248 | Depths:2 | 41248 ||| INVOKING Berserk.
 41250 | Depths:2 | 41250 ||| EATING 17 fruits.
 41258 | Depths:2 | 41258 ||| EATING 16 fruits.
 41318 | Depths:2 | Received a gift from Trog
 41318 | Depths:2 | Reached skill level 6 in Evocations
 41339 | Depths:2 | 41339 ||| UPGRADING to runed battleaxe {god gift}.
 41340 | Depths:2 | 41340 ||| UPGRADING to +12 battleaxe "Peleplau" {chop, rElec}.
 41341 | Depths:2 | 41341 ||| UPGRADING to +11 battleaxe "Sarcophage" {elec, rPois rC+ Stlth+}.
 41342 | Depths:2 | 41342 ||| DROPPING +2 battleaxe of chopping.
 41357 | Depths:2 | 41357 ||| ZAPPING wand of heal wounds (8).
 41443 | Depths:2 | 41443 ||| INVOKING Trog's Hand.
 41534 | Depths:2 | 41534 ||| INVOKING Trog's Hand.
 41781 | Depths:2 | Noticed a juggernaut
 41782 | Depths:2 | 41782 ||| INVOKING Berserk.
 41789 | Depths:2 | Killed a juggernaut
 41800 | Depths:2 | 41800 ||| DRINKING potion of heal wounds.
 41801 | Depths:2 | 41801 ||| ZAPPING wand of heal wounds (7).
 42048 | Depths:2 | 42048 ||| ZAPPING wand of heal wounds (6).
 42092 | Depths:2 | 42092 ||| INVOKING Trog's Hand.
 42145 | Depths:2 | 42145 ||| INVOKING Trog's Hand.
 42146 | Depths:2 | 42146 ||| INVOKING Brothers in Arms.
 42147 | Depths:2 | 42147 ||| INVOKING Berserk.
 42150 | Depths:2 | 42150 ||| EATING 15 fruits.
 42156 | Depths:2 | 42156 ||| EATING 14 fruits.
 42239 | Depths:2 | 42239 ||| UPGRADING to pair of runed boots.
 42249 | Depths:2 | 42249 ||| UPGRADING to +2 pair of boots of flying.
 42259 | Depths:2 | 42259 ||| DROPPING +2 pair of boots.
 42260 | Depths:2 | 42260 ||| UPGRADING to wavering bone amulet.
 42261 | Depths:2 | Identified the amulet "Wun Zeki" {rMut MP+9 Str+3 Slay-3} (You found it on level 2 of the Depths)
 42262 | Depths:2 | 42262 ||| DROPPING amulet of warding.
 42263 | Depths:2 | 42263 ||| DROPPING amulet of resist corrosion.
 42264 | Depths:2 | 42264 ||| DROPPING wand of fireball.
 42277 | Depths:3 | 42277 ||| STAIRDANCE
 42284 | Depths:3 | 42284 ||| STAIRDANCE
 42289 | Depths:3 | 42289 ||| STAIRDANCE
 42296 | Depths:2 | 42296 ||| ZAPPING wand of heal wounds (5).
 42302 | Depths:3 | Found a one-way gate leading to the halls of Pandemonium.
 42318 | Depths:3 | 42318 ||| ZAPPING wand of heal wounds (4).
 42319 | Depths:3 | 42319 ||| READING scroll of recharging.
 42319 | Depths:3 | 42319 ||| RECHARGING wand of heal wounds (3).
 42320 | Depths:3 | 42320 ||| EATING 13 fruits.
 42355 | Depths:3 | Noticed Xtahua
 42356 | Depths:3 | 42356 ||| DRINKING 3 potions of resistance.
 42364 | Depths:3 | Killed Xtahua
 42365 | Depths:3 | 42365 ||| ZAPPING wand of heal wounds (6).
 42418 | Depths:3 | 42418 ||| INVOKING Berserk.
 42434 | Depths:3 | 42434 ||| INVOKING Brothers in Arms.
 42437 | Depths:3 | 42437 ||| INVOKING Brothers in Arms.
 42438 | Depths:3 | 42438 ||| INVOKING Brothers in Arms.
 42440 | Depths:3 | 42440 ||| ZAPPING wand of teleportation (5).
 42441 | Depths:3 | 42441 ||| ZAPPING wand of heal wounds (5).
 42442 | Depths:3 | 42442 ||| ZAPPING wand of heal wounds (4).
 42447 | Depths:3 | 42447 ||| ZAPPING wand of teleportation (4).
 42448 | Depths:3 | 42448 ||| ZAPPING wand of heal wounds (3).
 42450 | Depths:3 | 42450 ||| ZAPPING wand of heal wounds (2).
 42451 | Depths:3 | 42451 ||| ZAPPING wand of heal wounds (1).
 42452 | Depths:3 | 42452 ||| MP-RECHARGING wand of heal wounds (0).
 42453 | Depths:3 | 42453 ||| ZAPPING wand of heal wounds (5).
 42520 | Depths:3 | Found a one-way gate to the infinite horrors of the Abyss.
 42524 | Depths:3 | 42524 ||| INVOKING Brothers in Arms.
 42555 | Depths:3 | 42555 ||| ZAPPING wand of heal wounds (4).
 42556 | Depths:3 | 42556 ||| MP-RECHARGING wand of heal wounds (3).
 42648 | Depths:3 | 42648 ||| READING scroll of recharging.
 42648 | Depths:3 | 42648 ||| RECHARGING wand of teleportation (3).
 42662 | Depths:3 | 42662 ||| INVOKING Brothers in Arms.
 42664 | Depths:3 | 42664 ||| INVOKING Berserk.
 42864 | Depths:3 | 42864 ||| DROPPING wand of lightning.
 42865 | Depths:3 | 42865 ||| ZAPPING wand of teleportation (8).
 42866 | Depths:3 | 42866 ||| Stepping ~*~*~tactically~*~*~ (cloud).
 42929 | Depths:3 | 42929 ||| ZAPPING wand of heal wounds (8).
 42956 | Depths:3 | Reached XP level 22. HP: 200/228 MP: 5/5
 42960 | Depths:3 | 42960 ||| ZAPPING wand of heal wounds (7).
 42995 | Depths:3 | 42995 ||| ZAPPING wand of heal wounds (6).
 43026 | Depths:3 | 43026 ||| ZAPPING wand of heal wounds (5).
 43027 | Depths:3 | 43027 ||| ZAPPING wand of heal wounds (4).
 43028 | Depths:3 | 43028 ||| ZAPPING wand of heal wounds (3).
 43029 | Depths:3 | 43029 ||| ZAPPING wand of heal wounds (2).
 43030 | Depths:3 | 43030 ||| MP-RECHARGING wand of heal wounds (1).
 43052 | Depths:3 | 43052 ||| INVOKING Brothers in Arms.
 43137 | Depths:3 | 43137 ||| ZAPPING wand of heal wounds (7).
 43290 | Depths:4 | Reached skill level 9 in Evocations
 43291 | Depths:4 | 43291 ||| ZAPPING wand of heal wounds (6).
 43329 | Depths:4 | 43329 ||| INVOKING Trog's Hand.
 43373 | Depths:4 | 43373 ||| INVOKING Trog's Hand.
 43458 | Depths:4 | Noticed Jorgrun
 43468 | Depths:4 | Killed Jorgrun
 43571 | Depths:4 | Found a magical portal.
 43651 | Depths:4 | Found a gateway to a ziggurat.
 43652 | Depths:4 | 43652 ||| INVOKING Trog's Hand.
 43655 | Depths:4 | Paralysed by a giant eyeball for 2 turns
 43661 | Depths:4 | Paralysed by a giant eyeball for 4 turns
 43671 | Depths:4 | Paralysed by a giant eyeball for 4 turns
 43678 | Depths:4 | Paralysed by a giant eyeball for 3 turns
 43684 | Depths:4 | 43684 ||| INVOKING Trog's Hand.
 43700 | Depths:4 | Paralysed by a giant eyeball for 3 turns
 43707 | Depths:4 | 43707 ||| INVOKING Trog's Hand.
 43836 | Depths:4 | Paralysed by a giant eyeball for 3 turns
 44083 | Depths:4 | Paralysed by a giant eyeball for 3 turns
 44159 | Depths:5 | Entered Level 5 of the Depths
 44160 | Depths:5 | 44160 ||| STAIRDANCE
 44162 | Depths:4 | 44162 ||| INVOKING Berserk.
 44165 | Depths:4 | 44165 ||| EATING 12 fruits.
 44186 | Depths:4 | 44186 ||| EATING 11 fruits.
 44214 | Depths:5 | 44214 ||| STAIRDANCE
 44241 | Depths:4 | 44241 ||| DRINKING potion of heal wounds.
 44242 | Depths:4 | 44242 ||| ZAPPING wand of heal wounds (5).
 44256 | Depths:5 | 44256 ||| STAIRDANCE
 44270 | Depths:5 | 44270 ||| STAIRDANCE
 44288 | Depths:5 | 44288 ||| STAIRDANCE
 44292 | Depths:5 | 44292 ||| STAIRDANCE
 44294 | Depths:4 | 44294 ||| INVOKING Trog's Hand.
 44477 | Depths:5 | 44477 ||| ZAPPING wand of heal wounds (4).
 44478 | Depths:5 | 44478 ||| ZAPPING wand of heal wounds (3).
 44479 | Depths:5 | 44479 ||| ZAPPING wand of heal wounds (2).
 44480 | Depths:5 | 44480 ||| MP-RECHARGING wand of heal wounds (1).
 44498 | Depths:5 | 44498 ||| INVOKING Trog's Hand.
 44511 | Depths:5 | Received a gift from Trog
 44576 | Depths:5 | 44576 ||| INVOKING Brothers in Arms.
 44686 | Depths:5 | 44686 ||| ZAPPING wand of heal wounds (6).
 44749 | Depths:5 | 44749 ||| INVOKING Brothers in Arms.
 44786 | Depths:5 | 44786 ||| INVOKING Trog's Hand.
 44844 | Depths:5 | Found a gate to the Realm of Zot.
 44845 | Depths:5 | 44845 ||| INVOKING Brothers in Arms.
 44850 | Depths:5 | 44850 ||| INVOKING Brothers in Arms.
 44862 | Depths:5 | 44862 ||| ZAPPING wand of heal wounds (5).
 44863 | Depths:5 | 44863 ||| ZAPPING wand of heal wounds (4).
 44868 | Depths:5 | 44868 ||| ZAPPING wand of heal wounds (3).
 44880 | Depths:5 | 44880 ||| ZAPPING wand of heal wounds (2).
 44881 | Depths:5 | 44881 ||| MP-RECHARGING wand of heal wounds (1).
 44894 | Depths:5 | 44894 ||| ZAPPING wand of heal wounds (7).
 44900 | Depths:5 | 44900 ||| Stepping ~*~*~tactically~*~*~ (cloud).
 44923 | Depths:5 | 44923 ||| ZAPPING wand of heal wounds (6).
 44927 | Depths:5 | 44927 ||| ZAPPING wand of heal wounds (5).
 44928 | Depths:5 | 44928 ||| ZAPPING wand of heal wounds (4).
 44931 | Depths:5 | 44931 ||| ZAPPING wand of heal wounds (3).
 44932 | Depths:5 | 44932 ||| ZAPPING wand of heal wounds (2).
 44933 | Depths:5 | 44933 ||| MP-RECHARGING wand of heal wounds (1).
 44934 | Depths:5 | 44934 ||| ZAPPING wand of heal wounds (6).
 44936 | Depths:5 | 44936 ||| ZAPPING wand of heal wounds (5).
 44952 | Depths:5 | 44952 ||| Stepping ~*~*~tactically~*~*~ (cloud).
 44965 | Depths:5 | 44965 ||| ZAPPING wand of heal wounds (4).
 44966 | Depths:5 | 44966 ||| Stepping ~*~*~tactically~*~*~ (cloud).
 44967 | Depths:5 | 44967 ||| ZAPPING wand of heal wounds (3).
 44970 | Depths:5 | 44970 ||| Stepping ~*~*~tactically~*~*~ (cloud).
 44972 | Depths:5 | 44972 ||| Stepping ~*~*~tactically~*~*~ (cloud).
 44973 | Depths:5 | 44973 ||| ZAPPING wand of heal wounds (2).
 44974 | Depths:5 | 44974 ||| Stepping ~*~*~tactically~*~*~ (cloud).
 44975 | Depths:5 | 44975 ||| MP-RECHARGING wand of heal wounds (1).
 44976 | Depths:5 | 44976 ||| Stepping ~*~*~tactically~*~*~ (cloud).
 44980 | Depths:5 | 44980 ||| ZAPPING wand of heal wounds (6).
 44987 | Depths:5 | 44987 ||| ZAPPING wand of heal wounds (5).
 44990 | Depths:5 | 44990 ||| ZAPPING wand of heal wounds (4).
 44999 | Depths:5 | 44999 ||| ZAPPING wand of heal wounds (3).
 45005 | Depths:5 | 45005 ||| ZAPPING wand of heal wounds (2).
 45006 | Depths:5 | 45006 ||| MP-RECHARGING wand of heal wounds (1).
 45009 | Depths:5 | 45009 ||| INVOKING Trog's Hand.
 45029 | Depths:5 | 45029 ||| ZAPPING wand of heal wounds (5).
 45030 | Depths:5 | 45030 ||| ZAPPING wand of heal wounds (4).
 45038 | Depths:5 | 45038 ||| ZAPPING wand of heal wounds (3).
 45042 | Depths:5 | 45042 ||| Stepping ~*~*~tactically~*~*~ (cloud).
 45043 | Depths:5 | 45043 ||| ZAPPING wand of heal wounds (2).
 45044 | Depths:5 | 45044 ||| ZAPPING wand of heal wounds (1).
 45045 | Depths:5 | 45045 ||| MP-RECHARGING wand of heal wounds (0).
 45046 | Depths:5 | 45046 ||| ZAPPING wand of heal wounds (4).
 45051 | Depths:5 | 45051 ||| ZAPPING wand of heal wounds (3).
 45061 | Depths:5 | 45061 ||| Stepping ~*~*~tactically~*~*~ (cloud).
 45062 | Depths:5 | 45062 ||| Stepping ~*~*~tactically~*~*~ (cloud).
 45064 | Depths:5 | 45064 ||| ZAPPING wand of heal wounds (2).
 45065 | Depths:5 | 45065 ||| Stepping ~*~*~tactically~*~*~ (cloud).
 45071 | Depths:5 | 45071 ||| Stepping ~*~*~tactically~*~*~ (cloud).
 45072 | Depths:5 | 45072 ||| Stepping ~*~*~tactically~*~*~ (cloud).
 45081 | Depths:5 | 45081 ||| ZAPPING wand of heal wounds (1).
 45084 | Depths:5 | 45084 ||| INVOKING Berserk.
 45105 | Depths:5 | 45105 ||| INVOKING Trog's Hand.
 45123 | Depths:5 | 45123 ||| INVOKING Trog's Hand.
 45144 | Depths:5 | 45144 ||| INVOKING Trog's Hand.
 45176 | Depths:5 | 45176 ||| INVOKING Trog's Hand.
 45197 | Depths:5 | 45197 ||| INVOKING Trog's Hand.
 45238 | Depths:5 | 45238 ||| EATING 10 fruits.
 45264 | Depths:5 | 45264 ||| Stepping ~*~*~tactically~*~*~ (cloud).
 45271 | Depths:5 | 45271 ||| Stepping ~*~*~tactically~*~*~ (cloud).
 45278 | Depths:5 | 45278 ||| Stepping ~*~*~tactically~*~*~ (cloud).
 45280 | Depths:5 | 45280 ||| Stepping ~*~*~tactically~*~*~ (cloud).
 45283 | Depths:5 | 45283 ||| INVOKING Berserk.
 45298 | Depths:5 | 45298 ||| ZAPPING wand of teleportation (7).
 45304 | Depths:5 | 45304 ||| ZAPPING wand of teleportation (6).
 45309 | Depths:5 | 45309 ||| ZAPPING wand of teleportation (5).
 45315 | Depths:5 | 45315 ||| ZAPPING wand of teleportation (4).
 45320 | Depths:5 | 45320 ||| EATING 9 fruits.
 45321 | Depths:5 | 45321 ||| INVOKING Trog's Hand.
 45338 | Depths:5 | 45338 ||| INVOKING Trog's Hand.
 45339 | Depths:5 | 45339 ||| EATING 8 fruits.
 45357 | Depths:5 | 45357 ||| INVOKING Trog's Hand.
 45377 | Depths:5 | 45377 ||| INVOKING Trog's Hand.
 45396 | Depths:5 | 45396 ||| INVOKING Trog's Hand.
 45417 | Depths:5 | 45417 ||| EATING 7 fruits.
 45464 | Depths:5 | 45464 ||| INVOKING Trog's Hand.
 45478 | Depths:5 | 45478 ||| INVOKING Trog's Hand.
 45488 | Depths:5 | 45488 ||| INVOKING Trog's Hand.
 45538 | Depths:5 | 45538 ||| INVOKING Trog's Hand.
 45546 | Depths:5 | 45546 ||| EATING 6 fruits.
 45567 | Depths:5 | 45567 ||| INVOKING Trog's Hand.
 45598 | Depths:5 | 45598 ||| INVOKING Trog's Hand.
 45620 | Depths:5 | 45620 ||| ZAPPING wand of teleportation (3).
 45621 | Depths:5 | 45621 ||| Stepping ~*~*~tactically~*~*~ (cloud).
 45622 | Depths:5 | 45622 ||| Stepping ~*~*~tactically~*~*~ (cloud).
 45632 | Depths:5 | 45632 ||| INVOKING Trog's Hand.
 45643 | Depths:5 | 45643 ||| INVOKING Trog's Hand.
 45654 | Depths:5 | 45654 ||| INVOKING Trog's Hand.
 45871 | D:15     | 45871 ||| DROPPING javelin.
 45986 | Vaults:1 | 45986 ||| INVOKING Trog's Hand.
 46214 | Vaults:5 | Entered Level 5 of the Vaults
 46216 | Vaults:5 | 46216 ||| STAIRDANCE
 46235 | Vaults:4 | 46235 ||| UPGRADING to glowing plate armour.
 46245 | Vaults:4 | 46245 ||| READING 23 scrolls of remove curse.
 46246 | Vaults:4 | 46246 ||| UPGRADING to +1 plate armour.
 46256 | Vaults:4 | 46256 ||| DROPPING -1 plate armour.
 46257 | Vaults:4 | 46257 ||| UPGRADING to +1 chain mail "Qemer" {rC+ Dex+6 SInv}.
 46270 | Vaults:5 | 46270 ||| STAIRDANCE
 46294 | Vaults:4 | 46294 ||| INVOKING Trog's Hand.
 46305 | Vaults:4 | 46305 ||| INVOKING Trog's Hand.
 46340 | Vaults:4 | 46340 ||| UPGRADING to shiny plate armour.
 46350 | Vaults:4 | 46350 ||| DROPPING +1 plate armour.
 46351 | Vaults:4 | 46351 ||| UPGRADING to +1 chain mail "Qemer" {rC+ Dex+6 SInv}.
 46364 | Vaults:5 | 46364 ||| STAIRDANCE
 46380 | Vaults:4 | Reached skill level 12 in Evocations
 46381 | Vaults:4 | 46381 ||| MP-RECHARGING wand of heal wounds (0).
 46382 | Vaults:4 | 46382 ||| INVOKING Trog's Hand.
 46406 | Vaults:5 | 46406 ||| STAIRDANCE
 46417 | Vaults:4 | 46417 ||| INVOKING Trog's Hand.
 46439 | Vaults:4 | 46439 ||| INVOKING Trog's Hand.
 46455 | Vaults:4 | 46455 ||| INVOKING Trog's Hand.
 46476 | Vaults:4 | 46476 ||| INVOKING Trog's Hand.
 46510 | Vaults:5 | 46510 ||| INVOKING Trog's Hand.
 46512 | Vaults:5 | 46512 ||| INVOKING Berserk.
 46517 | Vaults:5 | Reached XP level 23. HP: 236/236 MP: 1/1
 46544 | Vaults:5 | 46544 ||| ZAPPING wand of teleportation (2).
 46545 | Vaults:5 | 46545 ||| ZAPPING wand of teleportation (1).
 46546 | Vaults:5 | 46546 ||| ZAPPING wand of heal wounds (4).
 46547 | Vaults:5 | 46547 ||| ZAPPING wand of heal wounds (3).
 46548 | Vaults:5 | 46548 ||| ZAPPING wand of heal wounds (2).
 46549 | Vaults:5 | 46549 ||| MP-RECHARGING wand of heal wounds (1).
 46552 | Vaults:5 | 46552 ||| ZAPPING wand of teleportation (5).
 46553 | Vaults:5 | 46553 ||| ZAPPING wand of heal wounds (7).
 46555 | Vaults:5 | Noticed Saint Roka
 46556 | Vaults:5 | 46556 ||| ZAPPING wand of heal wounds (6).
 46560 | Vaults:5 | 46560 ||| ZAPPING wand of teleportation (4).
 46561 | Vaults:5 | 46561 ||| ZAPPING wand of heal wounds (5).
 46567 | Vaults:5 | 46567 ||| INVOKING Trog's Hand.
 46576 | Vaults:5 | Noticed Jory
 46581 | Vaults:5 | 46581 ||| ZAPPING wand of teleportation (3).
 46584 | Vaults:5 | 46584 ||| ZAPPING wand of heal wounds (4).
 46596 | Vaults:5 | 46596 ||| ZAPPING wand of teleportation (2).
 46597 | Vaults:5 | 46597 ||| ZAPPING wand of heal wounds (3).
 46609 | Vaults:5 | 46609 ||| INVOKING Trog's Hand.
 46619 | Vaults:5 | 46619 ||| ZAPPING wand of teleportation (1).
 46620 | Vaults:5 | 46620 ||| ZAPPING wand of heal wounds (2).
 46628 | Vaults:5 | 46628 ||| READING 8 scrolls of teleportation.
 46629 | Vaults:5 | 46629 ||| ZAPPING wand of heal wounds (1).
 46646 | Vaults:5 | 46646 ||| MP-RECHARGING wand of heal wounds (0).
 46647 | Vaults:5 | 46647 ||| READING 7 scrolls of teleportation.
 46648 | Vaults:5 | 46648 ||| ZAPPING wand of heal wounds (4).
 46654 | Vaults:5 | Noticed Wiglaf
 46657 | Vaults:5 | 46657 ||| READING 6 scrolls of teleportation.
 46658 | Vaults:5 | 46658 ||| ZAPPING wand of heal wounds (3).
 46667 | Vaults:5 | 46667 ||| ZAPPING wand of heal wounds (2).
 46668 | Vaults:5 | 46668 ||| ZAPPING wand of heal wounds (1).
 46678 | Vaults:5 | 46678 ||| INVOKING Trog's Hand.
 46714 | Vaults:5 | 46714 ||| INVOKING Trog's Hand.
 46751 | Vaults:5 | 46751 ||| INVOKING Trog's Hand.
 46752 | Vaults:5 | 46752 ||| EATING 5 fruits.
 46771 | Vaults:5 | 46771 ||| INVOKING Trog's Hand.
 46791 | Vaults:5 | 46791 ||| INVOKING Trog's Hand.
 46814 | Vaults:5 | 46814 ||| INVOKING Trog's Hand.
 46858 | Vaults:5 | Killed Jory
 46868 | Vaults:5 | 46868 ||| INVOKING Trog's Hand.
 46887 | Vaults:5 | 46887 ||| INVOKING Berserk.
 46897 | Vaults:5 | 46897 ||| INVOKING Trog's Hand.
 47016 | Vaults:5 | 47016 ||| INVOKING Trog's Hand.
 47026 | Vaults:5 | 47026 ||| INVOKING Berserk.
 47038 | Vaults:5 | 47038 ||| READING 5 scrolls of teleportation.
 47046 | Vaults:5 | 47046 ||| READING 4 scrolls of teleportation.
 47053 | Vaults:5 | 47053 ||| READING 3 scrolls of teleportation.
 47055 | Vaults:5 | HP: 46/237 [titan (41)]
 47056 | Vaults:5 | HP: 5/237 [titan (20)]
 47059 | Vaults:5 | Hit by a large rock thrown by a stone giant

Vault maps used:
D:1:      shiori_arrival_oz
D:2:      nicolae_overflow_hidden_temple, makhleb_altar_promises_db,
          nicolae_qazlal_eye_of_the_storm
D:3:      kennysheep_big_flooded_room, uniq_sigmund
D:4:      kennysheep_mini, lemuel_coloured_pillars_altar,
          nicolae_ru_the_path_less_chosen, first_bread, uniq_blork_the_orc
D:5:      led_sif_book, minitemple
D:6:      minmay_temple_entry_statues_pillars, uniq_edmund
D:7:      kennysheep_little_box
D:8:      marbit_many_paths, basic_altar, hangedman_tree_tricks,
          nicolae_two_hexagons, uniq_pikel, uniq_gastronok, uniq_erolcha
D:9:      lemuel_doored_altar, serial_shops, shop
D:11:     erik_orc_2
D:12:     serial_shops, shop, minmay_hollow_rounded_squares
D:13:     kennysheep_funnel
D:14:     lightli_vaults_fourway_checkpoint, basic_altar, serial_shops, shop,
          serial_bayou_ford_a, billiards_dpeg
D:15:     grunt_enter_depths_hoard
Lair:1:   enter_volcano_1
Lair:2:   cheibrodos_lair_reptile_den
Lair:3:   minmay_snake_entry_guardpost_small, minivault_23,
          infiniplex_staircase_pool
Lair:4:   minmay_lair_oklob_items, uniq_snorg
Lair:5:   kennysheep_abandoned_house, forest_entry_grove
Lair:6:   minmay_swamp_entry_worms, slime_dummy, guppyfry_lair_drakes,
          grunt_megastairs_3
Lair:8:   evil_forest, uniq_nessos
Swamp:1:  evilmike_swamp_ruin_rubble_1, swamp_pool3, uniq_nikola, uniq_josephine
Swamp:2:  nicolae_swamp_treefoil, swamp_pool3, uniq_aizul
Swamp:3:  nicolae_swamp_stair_fork, uniq_mara
Swamp:4:  swamp_fiery, swamp_pool1, nicolae_swamp_dense_foliage
Snake:2:  serial_shops, shop, special_room, serial_bayou_shore_a
Snake:4:  snake_pit, serial_bayou_pond_c, serial_bayou_shore_b
Orc:2:    portal_ice_cave_entry_ice_beasts
Orc:3:    nicolae_orc_pool_cavern
Orc:4:    st_orc_town, uniq_donald
Vaults:1: v_pattern_5, kb_rosetta, nicolae_vaults_yaktaur_gun_rack,
          ontoclasm_vaults_shuriken, ontoclasm_vaults_ring_square,
          vaults_room_grunt_arrival_ludios, nicolae_vaults_shelves_hall,
          hangedman_vaults_trim, nicolae_vaults_border_crossing,
          nicolae_vaults_little_squares_3, ontoclasm_vaults_misaligned
Vaults:2: nicolae_vaults_three_branches, minmay_crypt_entry_simple_plaza,
          grunt_vaults_focal, nicolae_vaults_shelves_hall, v_alt_pattern_6,
          nicolae_vaults_quadrants, nicolae_vaults_arrows, vaults_room_octagon,
          nicolae_vaults_little_squares_3, v_alt_pattern_4,
          vaults_standard_mumra_enter_the_diamond, vaults_room_large_hall
Vaults:3: vaults_room_guarded_vault, nicolae_vaults_mini_display_case,
          ontoclasm_vaults_pinch, nicolae_vaults_little_ls, v_alt_pattern_2,
          vaults_room_grid, vaults_room_corners, hangedman_vaults_stagger,
          v_misc_5, nicolae_vaults_sealed_display, v_misc_22,
          nicolae_vaults_ring_of_whatevers
Vaults:4: v_misc_11, ontoclasm_vaults_loading_screen, v_misc_2,
          vaults_mumra_chevron_long, vaults_room_grid, hangedman_vaults_impose,
          vaults_mumra_hexcomb, hangedman_vaults_variations,
          nicolae_vaults_diagonal_hallway_8, grunt_vaults_funnel
Vaults:5: uniq_jory, uniq_wiglaf, uniq_saint_roka
Depths:1: pf_hell_entry_tar_spiral, serial_shops, shop,
          kennysheep_generic_room_5, grunt_megastairs_1
Depths:2: vault_1, hell_entry
Depths:3: minmay_box_of_statues, hell_entry, serial_sigils,
          serial_sigils_hangedman_shear, serial_sigils_hangedman_stare,
          serial_sigils_hangedman_shear, serial_sigils_hangedman_leer,
          serial_sigils_hangedman_quiver, abyss_entry, pan_entry, uniq_xtahua
Depths:4: kennysheep_ambush_hall, enter_ziggurat_d, hell_entry,
          mu_enter_wizlab_2, abyss_entry_glasseish, nicolae_lava_and_water,
          minmay_door_square, uniq_jorgrun
Depths:5: evilmike_zot_entry_argh, serial_sigils_hangedman_shear, hell_entry,
          serial_shops, shop_fountains

Action                   |  1- 3 |  4- 6 |  7- 9 | 10-12 | 13-15 | 16-18 | 19-21 | 22-24 || total
-------------------------+-------+-------+-------+-------+-------+-------+-------+-------++-------
Melee: Hand axe          |   120 |   102 |    93 |       |       |       |       |       ||   315
       War axe           |       |       |   291 |   206 |       |       |       |       ||   497
       Battleaxe         |       |       |       |   351 |   949 |  1265 |  1475 |   906 ||  4946
Throw: Javelin           |       |    38 |    56 |   135 |    49 |       |    36 |       ||   314
       Tomahawk          |       |       |     8 |   120 |    14 |       |       |       ||   142
Invok: Berserk           |     2 |     2 |     5 |    17 |    13 |    26 |    13 |     6 ||    84
       Brothers in Arms  |       |       |     1 |     6 |     6 |     4 |    10 |     5 ||    32
       Trog's Hand       |       |       |       |     1 |    10 |    28 |    35 |    48 ||   122
 Abil: Device Recharging |       |       |     2 |     3 |     4 |     4 |    10 |    10 ||    33
Evoke: Wand              |     1 |     3 |     6 |    14 |    24 |    25 |    53 |    68 ||   194
  Use: Scroll            |     8 |     3 |    10 |     8 |    13 |    12 |     8 |     7 ||    69
       Potion            |     2 |       |     5 |     5 |     6 |     4 |     4 |     1 ||    27
 Stab: Distracted        |     1 |       |       |       |       |       |     2 |     3 ||     6
       Confused          |       |       |       |       |       |       |       |     2 ||     2
  Eat: Chunk             |     4 |     6 |    14 |    31 |    46 |    37 |    46 |    21 ||   205
       Bread ration      |       |       |       |     1 |       |       |       |       ||     1
       Beef jerky        |       |       |       |     3 |       |     8 |       |       ||    11
       Royal jelly       |       |       |       |       |     1 |     1 |       |       ||     2
       Pizza             |       |       |       |       |       |     4 |       |       ||     4
       Fruit             |       |       |       |       |       |    13 |    10 |     8 ||    31
